 Dungeon Crawl Stone Soup version 0.30-b1-2-g02819fbbbe (webtiles) character file.

Game seed: 10472739809626040358

12921407 Darold the Cruiserweight Champion (level 27, 298/298 HPs)
             Began as a Naga Venom Mage on July 18, 2023.
             Was an Elder of Elyvilon.
             Escaped with the Orb
             ... and 15 runes on July 22, 2023!
             The game lasted 07:41:00 (125656 turns).

Darold the Cruiserweight Champion (NaVM)          Turns: 125656, Time: 07:41:01

Health: 298/298    AC: 69    Str: 30    XL:     27
Magic:  60/64      EV: 11    Int: 21    God:    Elyvilon [****..]
Gold:   15044      SH:  0    Dex: 13    Spells: 62/80 levels left

rFire   + .          .
                       - Unarmed
rCold   + . .        (shield currently unavailable)
rNeg    + + +        V - +13 crystal plate armour of Ajiobb {Will- Regen+ Stlth+}
rPois   +            a - +3 hat of Pondering {ponderous, Will+ MP+10 Int+5}
rElec   +            S - +3 cloak of the Hurling Gods {rPois rN+++ Regen+ Slay-6}
rCorr   +            F - melded +2 pair of gloves {Str+3}
SInv    +            m - +4 barding of the Will of the Gods {+Inv rCorr Str+5 Stlth+}
Will    ++++.        l - amulet of guardian spirit
Stlth   ++           T - ring of Nesil {rPois rC+ SInv}
HPRegen 2.29/turn    C - ring of Aschaen {rElec rF+ rN+}
MPRegen 0.39/turn

%: random rage (3%), guardian spirit
@: blade hands (expiring), studying 5 skills, very slow
A: AC +9, large, see invisible, deformed body, poison resistance, slowness 2,
spit poison 1, naga tail 2, iridescent scales 1, berserk 1, strong-willed 1,
screaming 2, strong 1
0: Orb of Zot
}: 15/15 runes: decaying, slimy, silver, golden, iron, obsidian, icy, bone,
abyssal, demonic, glowing, magical, fiery, dark, gossamer
a: Spit Poison, End Transformation, Renounce Religion, Evoke Invisibility,
Purification, Heal Other, Heal Self


You escaped.
You worshipped Elyvilon.
Elyvilon was greatly pleased with you.
You had blades for hands.
You visited 18 branches of the dungeon, and saw 88 of its levels.
You visited Pandemonium 3 times, and saw 36 of its levels.
You visited the Abyss 7 times.
You visited 1 bazaar.
You visited 1 ziggurat, and saw 10 of its levels.
You also visited: Ossuary and Gauntlet.

You collected 25565 gold pieces.
You spent 10521 gold pieces at shops.

Inventory:

Missiles
 B - 5 throwing nets
Armour
 a - the +3 hat of Pondering (worn) {ponderous, Will+ MP+10 Int+5}
   (You took it off Gastronok on level 1 of the Lair of Beasts)

   Int:       It affects your intelligence (+5).
   MP:        It affects your magic capacity (+10).
   Will:      It increases your willpower.
 m - the +4 barding of the Will of the Gods (worn) {+Inv rCorr Str+5 Stlth+}
   (You acquired it on level 4 of the Lair of Beasts)

   Str:       It affects your strength (+5).
   +Inv:      It lets you turn invisible.
   rCorr:     It protects you from acid and corrosion.
   Stlth:     It makes you more stealthy.
 F - a +2 pair of gloves of strength (melded)
 R - +10 storm dragon scales
 S - the +3 cloak of the Hurling Gods (worn) {rPois rN+++ Regen+ Slay-6}
   (You found it in Pandemonium)

   Slay:      It affects your accuracy & damage with ranged weapons and melee
   (-6).
   rPois:     It protects you from poison.
   rN:        It renders you almost immune to negative energy.
   Regen:     It increases your rate of health regeneration.
 V - the +13 crystal plate armour of Ajiobb (worn) {Will- Regen+ Stlth+}
   (You acquired it on level 4 of the Realm of Zot)

   Regen:     It increases your rate of health regeneration.
   Will:      It decreases your willpower.
   Stlth:     It makes you more stealthy.
Jewellery
 e - the ring "Tomed" {Ice Str+4}
   (You found it in Pandemonium)

   [ring of ice]

   It enhances your ice magic.
   Str:       It affects your strength (+4).
   rF:        It makes you vulnerable to fire.
   rC:        It protects you from cold.
 l - an amulet of guardian spirit (around neck)
 v - the ring of the Last Riding Places {Str+6 Int+2 Dex+3}
   (You found it on level 2 of the Vaults)

   [ring of strength]

   Str:       It affects your strength (+6).
   Int:       It affects your intelligence (+2).
   Dex:       It affects your dexterity (+3).
 y - the ring of Okawaru's Condemnation {rF+ Str+5}
   (You found it in a Gauntlet)

   [ring of protection from fire]

   Str:       It affects your strength (+5).
   rF:        It protects you from fire.
 C - the ring of Aschaen (right blade hand) {rElec rF+ rN+}
   (You found it on level 3 of the Realm of Zot)

   [ring of positive energy]

   rF:        It protects you from fire.
   rElec:     It insulates you from electricity.
   rN:        It protects you from negative energy.
 E - the ring of the Mage {Wiz Archmagi}
   (You found it on level 2 of a ziggurat)

   [ring of wizardry]

   It improves your spell success rate.
   Archmagi:  It increases the power of your magical spells.
 K - a +4 ring of slaying
 N - the ring of Masiuck {rN+++ rCorr SInv}
   (You found it in a Gauntlet)

   [ring of see invisible]

   rN:        It renders you almost immune to negative energy.
   SInv:      It lets you see invisible.
   rCorr:     It protects you from acid and corrosion.
 T - the ring of Nesil (left blade hand) {rPois rC+ SInv}
   (You took it off a balrug in Pandemonium)

   [ring of protection from cold]

   rC:        It protects you from cold.
   rPois:     It protects you from poison.
   SInv:      It lets you see invisible.
 U - the ring of Muhauvat {rF+ Will+ Str+3 Dex+3 Slay+4}
   (You found it on level 6 of a ziggurat)

   [ring of slaying]

   Str:       It affects your strength (+3).
   Dex:       It affects your dexterity (+3).
   Slay:      It affects your accuracy & damage with ranged weapons and melee
   (+4).
   rF:        It protects you from fire.
   Will:      It increases your willpower.
Wands
 g - a wand of digging (34)
 p - a wand of acid (29)
 s - a wand of paralysis (112)
 J - a wand of roots (124)
Scrolls
 b - 10 scrolls of blinking
 d - a scroll of fog
 i - 8 scrolls of enchant armour
 j - 12 scrolls of immolation
 n - 13 scrolls of butterflies
 t - 23 scrolls of amnesia
 u - 6 scrolls of silence
 D - 10 scrolls of teleportation
 G - 15 scrolls of fear
 I - 80 scrolls of identify
 M - 9 scrolls of magic mapping
 Q - 12 scrolls of poison
Potions
 c - 16 potions of brilliance
 f - 10 potions of flight
 h - 8 potions of heal wounds
 k - 3 potions of mutation
 o - 8 potions of haste
 q - 7 potions of cancellation
 r - 2 potions of magic
 w - 5 potions of invisibility
 z - 14 potions of attraction
 A - 34 potions of curing
 H - 3 potions of resistance
 L - 2 potions of ambrosia
 O - 3 potions of berserk rage
 P - a potion of might
Miscellaneous
 x - a figurine of a ziggurat


   Skills:
 O Level 27 Fighting
 O Level 27 Armour
 + Level 23.1 Dodging
 O Level 27 Stealth
 O Level 27 Unarmed Combat
 O Level 27 Spellcasting
 + Level 4.5 Conjurations
 O Level 27 Transmutations
 + Level 9.8 Fire Magic
 + Level 9.4 Air Magic
 + Level 25.0 Poison Magic
 O Level 27 Invocations
 + Level 6.1 Evocations


You had 62 spell levels left.
You knew the following spells:

 Your Spells              Type           Power      Damage    Failure   Level
a - Sting                 Tmut/Pois      100%       1d8       3%          1
b - Poisonous Vapours     Pois/Air       100%       N/A       3%          2
c - Olgreb's Toxic Radia  Pois           93%        N/A       3%          4
d - Mephitic Cloud        Conj/Pois/Air  70%        N/A       7%          3
e - Blade Hands           Tmut           48%        N/A       3%          5
f - Ignite Poison         Fire/Tmut/Pois 86%        N/A       3%          3

Your spell library contained the following spells:

 Spells                   Type           Power      Damage    Failure   Level
 Beastly Appendage        Tmut           100%       N/A       3%          1
 Wereblood                Tmut           96%        N/A       3%          2
 Spider Form              Tmut/Pois      95%        N/A       3%          3
 Alistair's Intoxication  Tmut/Pois      63%        N/A       3%          5
 Passwall                 Tmut/Erth      59%        N/A       4%          2
 Eringya's Noxious Bog    Tmut/Pois      47%        N/A       4%          6
 Dragon Form              Tmut           48%        N/A       6%          7
 Cigotuvi's Dreadful Rot  Necr/Pois/Air  100%       N/A       7%          2
 Scorch                   Fire           100%       2d9       8%          2
 Ice Form                 Ice/Tmut       71%        N/A       9%          4
 Petrify                  Tmut/Erth      71%        N/A       9%          4
 Foxfire                  Conj/Fire      100%       2x1d9     10%         1
 Irradiate                Conj/Tmut      38%        3d24      10%         5
 Shock                    Conj/Air       100%       1d9       11%         1
 Swiftness                Air            61%        N/A       11%         3
 Yara's Violent Unravell  Hex/Tmut       35%        3d14      13%         5
 Magic Dart               Conj           100%       1d8       14%         1
 Searing Ray              Conj           94%        2d7       17%         2
 Airstrike                Air            30%        2d(5-21)  17%         4
 Kiss of Death            Conj/Necr      100%       2d13      22%         1
 Inner Flame              Hex/Fire       48%        N/A       22%         3
 Volatile Blastmotes      Fire/Tloc      96%        2d18      22%         3
 Vhi's Electric Charge    Tloc/Air       96%        N/A       24%         3
 Storm Form               Tmut/Air       40%        N/A       24%         7
 Flame Wave               Conj/Fire      55%        2d13      26%         4
 Sticky Flame             Conj/Fire      55%        2d7       26%         4
 Momentum Strike          Conj/Tloc      74%        3d10      28%         2
 Statue Form              Tmut/Erth      47%        N/A       28%         6
 Apportation              Tloc           56%        N/A       36%         1
 Freeze                   Ice            100%       1d10      36%         1
 Necrotise                Necr           100%       1d9       36%         1
 Sandblast                Erth           56%        2d13      36%         1
 Slow                     Hex            100%       N/A       36%         1
 Summon Small Mammal      Summ           100%       N/A       36%         1
 Dazzling Flash           Conj/Hex       74%        N/A       38%         3
 Hailstorm                Conj/Ice       37%        3d9       38%         3
 Blink                    Tloc           56%        N/A       43%         2
 Lesser Beckoning         Tloc           56%        N/A       43%         2
 Sublimation of Blood     Necr           28%        N/A       43%         2
 Summon Lightning Spire   Summ/Air       48%        N/A       43%         4
 Fireball                 Conj/Fire      27%        3d12      43%         5
 Arcjolt                  Conj/Air       27%        1d37      45%         5
 Call Canine Familiar     Summ           28%        N/A       58%         3
 Confusing Touch          Hex            28%        N/A       58%         3
 Frozen Ramparts          Ice            56%        1d9       58%         3
 Gell's Gravitas          Tloc           28%        N/A       58%         3
 Portal Projectile        Hex/Tloc       56%        N/A       58%         3
 Summon Guardian Golem    Hex/Summ       28%        N/A       58%         3
 Teleport Other           Tloc           28%        N/A       58%         3
 Tukima's Dance           Hex            28%        N/A       58%         3
 Vampiric Draining        Necr           28%        2d8       58%         3
 Plasma Beam              Fire/Air       31%        2x1d48    58%         6
 Fulminant Prism          Conj/Hex       18%        3d10      65%         4
 Iskenderun's Mystic Bla  Conj/Tloc      37%        2d9       65%         4
 Freezing Cloud           Conj/Ice/Air   23%        6-21      67%         5
 Silence                  Hex/Air        24%        N/A       67%         5
 Iskenderun's Battlesphe  Conj           47%        2d10      69%         5
 Starburst                Conj/Fire      27%        6d9       83%         6
 Conjure Ball Lightning   Conj/Air       27%        3x3d8     85%         6
 Anguish                  Hex/Necr       14%        N/A       87%         4
 Animate Armour           Summ/Erth      56%        N/A       87%         4
 Cause Fear               Hex            14%        N/A       87%         4
 Dispel Undead            Necr           28%        3d13      87%         4
 Leda's Liquefaction      Hex/Erth       14%        N/A       87%         4
 Manifold Assault         Tloc           28%        N/A       87%         4
 Passage of Golubria      Tloc           28%        N/A       87%         4
 Summon Ice Beast         Ice/Summ       28%        N/A       87%         4
 Necromutation            Tmut/Necr      35%        N/A       98%         8
 Agony                    Necr           28%        N/A       99%         5
 Borgnjor's Vile Clutch   Necr/Erth      14%        N/A       99%         5
 Lee's Rapid Deconstruct  Erth           14%        3d9*      99%         5
 Metabolic Englaciation   Hex/Ice        14%        N/A       99%         5
 Summon Forest            Summ/Tloc      14%        N/A       99%         5
 Summon Mana Viper        Hex/Summ       28%        N/A       99%         5
 Iron Shot                Conj/Erth      18%        9d4       100%        6
 Simulacrum               Ice/Necr       14%        N/A       100%        6
 Summon Cactus Giant      Summ           14%        N/A       100%        6
 Enfeeble                 Hex            14%        N/A       100%        7
 Haunt                    Necr/Summ      14%        N/A       100%        7
 Monstrous Menagerie      Summ           14%        N/A       100%        7
 Orb of Destruction       Conj           23%        9d8       100%        7
 Spellforged Servitor     Conj/Summ      18%        N/A       100%        7
 Summon Hydra             Summ           14%        N/A       100%        7
 Borgnjor's Revivificati  Necr           14%        N/A       100%        8
 Ignition                 Fire           31%        3d10      100%        8
 Lehudib's Crystal Spear  Conj/Erth      18%        10d6      100%        8
 Maxwell's Capacitive Co  Air            30%        ∞         100%        8
 Chain Lightning          Conj/Air       27%        3d36      100%        9
 Dragon's Call            Summ           14%        N/A       100%        9
 Fire Storm               Conj/Fire      27%        8d7       100%        9
 Polar Vortex             Ice            14%        N/A       100%        9
 Shatter                  Erth           14%        3d14*     100%        9


Dungeon Overview and Level Annotations

Branches:
Dungeon (15/15)            Temple (1/1) D:4            Lair (5/5) D:10
  Swamp (4/4) Lair:3       Spider (4/4) Lair:3        Slime (5/5) Lair:5
    Orc (2/2) D:12            Elf (3/3) Orc:2        Vaults (5/5) D:13
  Crypt (3/3) Vaults:2       Tomb (3/3) Crypt:3      Depths (4/4) D:15
   Hell (visited)             Dis (7/7) Hell            Geh (7/7) Hell
    Coc (7/7) Hell            Tar (7/7) Hell            Zot (5/5) Depths:4
Ossuary (visited)         Gauntlet (visited)

Altars:
Ashenzari
Cheibriados
Dithmenos
Elyvilon
Fedhas
Gozag
Hepliaklqana
Kikubaaqudgha
Makhleb
Nemelex Xobeh
Okawaru
Qazlal
Ru
Sif Muna
Trog
Uskayaw
Vehumet
Wu Jian
Xom
Yredelemnul
Zin
The Shining One
Jiyva

Shops:
D:4 :   D:12 *   D:13 =   Orc:1 ((   Orc:2 [*?:[((*?   Elf:2 (   Vaults:2 !
Vaults:5 ?!!*   Depths:4 (=::

Portals:
Hell: Depths:1 Depths:2 Depths:4
Abyss: Depths:1 Depths:2 Depths:3
Pandemonium: Depths:2

Annotations:
D:6 1 runed translucent door, MrCrawl's ghost, novice DsNe
D:15 1 runed translucent door
Lair:3 exclusion: oklob plant
Lair:5 rinqtmith's ghost, journeyman TrFi
Coc:7 exclusion: ice statue


Innate Abilities, Weirdness & Mutations

You have blades for hands.
Your spellcasting is less reliable in this form.
You are incapable of wielding weapons or throwing items.
Your serpentine skin is tough. (AC +9)
You have supernaturally acute eyesight. (SInv)
Armour fits poorly on your strangely shaped body.
Your system is resistant to poisons. (rPois)
You cover ground very slowly.
You can spit poison.
You can use your snake-like lower body to constrict enemies.
You are partially covered in iridescent scales. (AC +2)
You sometimes lose your temper in combat.
You are strong-willed. (Will+)
You frequently scream uncontrollably at your foes.
Your muscles are strong. (Str +4, Int/Dex -1)


Message History

There is an open door here.
Casting: Blade Hands (safe; 0% risk of failure)
Confirm with . or Enter, or press ? or * to list all spells.
Your hands turn into razor-sharp scythe blades.
Your +2 pair of gloves of strength melds into your body.
You feel weaker.
Crazy Yiuf says, "Get me out of this place."
Crazy Yiuf hits you with a +4 quarterstaff of chaos.
You resist with almost no effort. Crazy Yiuf attacks as you move away!
Crazy Yiuf hits you but does no damage.
Crazy Yiuf says, "You found it!"
Crazy Yiuf hits you but does no damage. Crazy Yiuf attacks as you move away!
Crazy Yiuf hits you but does no damage. Crazy Yiuf closely misses you.
There is an escape hatch in the ceiling here.
Crazy Yiuf hits you but does no damage. A mysterious force pulls you upwards.
The hatch slams shut behind you. Crazy Yiuf barely misses you.
Crazy Yiuf hits you but does no damage. Crazy Yiuf hits you but does no damage.
Crazy Yiuf hits you but does no damage.
Crazy Yiuf says, "You found it!"
Crazy Yiuf attacks as you move away! Crazy Yiuf hits you but does no damage.
Crazy Yiuf says, "You found it!"
Crazy Yiuf hits you but does no damage. Crazy Yiuf attacks as you move away!
Crazy Yiuf misses you.
Crazy Yiuf says, "You found it!"
Crazy Yiuf hits you but does no damage. Crazy Yiuf attacks as you move away!
Crazy Yiuf hits you with a +4 quarterstaff of chaos.
Crazy Yiuf freezes you.
There is a staircase leading out of the dungeon here.
Press: ? - help, Dir - move target, f - Crazy Yiuf Heal: Crazy Yiuf, wielding a +4 quarterstaff of chaos and wearing a +0 cloak of poison resistance (chance to pacify: 92%)
The light of Elyvilon fails to reach Crazy Yiuf.
Crazy Yiuf closely misses you.
Press: ? - help, Dir - move target, f/p - Crazy Yiuf Heal: Crazy Yiuf, wielding a +4 quarterstaff of chaos and wearing a +0 cloak of poison resistance (chance to pacify: 92%) Crazy Yiuf turns neutral.
Your transformation is almost over.
You have escaped!

###.#....#.#.#.#.#.#.#.#...# #.##
# #.#####...............##.###...
###.####......#..........#.....##
.......##.......#.......######.#
###.##.#.....#....#......# #.# #
#.##.##...........#...## #.# #
#.##.#....#.#.#.#...#.)# #.# #
#.##.##...............## #.#
###.##.#...#..#g@.#..#..[# #.#
....##.##...............## #.#
######.#..#...#.#.#.#....# #.#
#...##...#...........## #(##
#.###......#....#.....# ##.#.
##.# ##.......#.......## #....
###..###..........#......# #...#
......###...............#####..##
#...#....#.#.#.#.#.#.#.#...###...


You could see the neutral Crazy Yiuf (wandering).

Vanquished Creatures
  Cerebov (Pan)
  Antaeus (Coc:7)
  the Royal Jelly (Slime:5)
  Asmodeus (Geh:7)
  Ereshkigal (Tar:7)
  Gloorx Vloq (Pan)
  Mnoleg (Pan)
  Lom Lobon (Pan)
  the Serpent of Hell (Geh:7)
  7 dread liches
  Dispater (Dis:7)
  Tiamat (Zot:2)
  10 ancient liches
  5 orbs of fire
  The ghost of Amon001 the Conqueror, a legendary DsFi of Gozag (Zig:7)
  4 juggernauts
  27 royal mummies
  Sojobo (Depths:2)
  Vv (Crypt:1)
  Saint Roka (Crypt:3)
  Bai Suzhen (Vaults:2)
  Boris (Tomb:3)
  Frederick (Depths:3)
  18 shard shrikes
  12 Killer Klowns
  Xtahua (Vaults:2)
  21 caustic shrikes
  A curse toe (Zot:1)
  10 golden dragons
  Geryon (Hell)
  2 pearl dragons (Pan)
  The ghost of LLlMATKO the Executioner, an adept MiBe of Trog (Elf:3)
  The ghost of Xtruder99 the Peltast, an adept GnFi of Cheibriados (Elf:3)
  24 bone dragons
  9 profane servitors
  28 pandemonium lords
  48 Tzitzimimeh
  A shard shrike zombie (Geh:5)
  7 doom hounds
  3 electric golems
  2 spectral shard shrikes
  16 iron giants
  Jorgrun (Elf:2)
  Rupert (D:15)
  20 Brimstone Fiends
  31 Hell Sentinels
  24 hellephants
  18 tainted leviathans
  16 tentacled monstrosities
  34 Ice Fiends
  14 liches
  A deep elf blademaster (Elf:3)
  22 searing wretches
  27 Orb Guardians
  Asterion (Vaults:1)
  23 titans
  A walking earthen tome (Depths:3)
  3 deep elf master archers
  6 death cobs
  62 Executioners
  20 tentacled starspawn (Abyss:3)
  6 quicksilver dragons
  24 ancient champions
  18 acid blobs
  Agnes (Spider:1)
  Kirke (Lair:3)
  12 sphinxes
  Gastronok (Lair:1)
  12 shadow dragons
  2 draconian monks
  20 azure jellies
  13 storm dragons
  16 rockslimes
  2 draconian knights
  6 tengu reavers
  33 fire giants
  22 daevas (Pan)
  A fenstrider witch (Swamp:4)
  15 narguns
  5 deep elf sorcerers
  16 demonspawn warmongers (Pan)
  12 quicksilver elementals
  2 revenants (Crypt:2)
  13 ghost moths
  59 balrugs
  13 frost giants
  12 iron dragons
  A frost giant (shapeshifter) (Vaults:5)
  Louise (D:14)
  21 vault wardens
  A juggernaut zombie (D:15)
  2 ghost moths (shapeshifter)
  8 emperor scorpions
  The ghost of SafestHooves the Brawler, a journeyman CeMo of Okawaru (D:15)
  2 spectral juggernauts
  4 caustic shrike zombies
  5 deep elf elementalists (Elf:3)
  Aizul (Elf:2)
  A curse skull (Pan)
  An orc warlord (Vaults:3)
  2 draconian shifters
  10 draconian scorchers
  2 spectral caustic shrikes (Tar:3)
  27 angels
  15 ghouls
  A draconian stormcaller (Zot:5)
  3 caustic shrike skeletons (Pan)
  7 shard shrike simulacra
  18 ironbound preservers
  30 demonspawn corrupters
  11 quicksilver oozes
  53 reapers
  5 broodmothers
  16 stone giants
  7 draconian annihilators
  28 war gargoyles
  A juggernaut skeleton (Pan)
  32 demonspawn blood saints (Pan)
  43 cacodemons (Pan)
  A spriggan defender (Depths:3)
  39 elemental wellsprings
  37 very ugly things
  24 apis (Pan)
  25 demonspawn black suns
  9 ironbound thunderhulks
  16 ophanim
  4 deep elf demonologists
  27 putrid mouths
  27 vampire knights
  9 green draconians
  4 yellow draconians
  8 black draconians
  11 purple draconians
  8 bunyips
  9 white draconians
  10 bennus
  55 lorocyprocas
  5 starflowers (Abyss:3)
  An eleionoma (Swamp:3)
  8 dire elephants
  Azrael (Spider:1)
  21 wendigos
  13 deep elf annihilators
  8 spark wasps
  14 red draconians
  22 iron golems
  9 crystal guardians
  44 blizzard demons
  7 deep elf death magi
  13 eidola
  A merfolk javelineer (Depths:2)
  8 fire dragons
  2 spectral quicksilver dragons
  5 ettins
  Josephine (D:11)
  15 mummy priests
  An entropy weaver (shapeshifter) (Elf:1)
  28 green deaths
  The ghost of Termiter the Reanimator, a journeyman DsNe of Nemelex Xobeh (Lair:1)
  5 shambling mangroves
  10 entropy weavers
  The ghost of Garym the Fighter, a journeyman MiFi of Okawaru (D:12)
  9 deep elf high priests
  14 jiangshi
  12 yaktaur captains
  29 vault guards
  10 great orbs of eyes
  A spriggan zombie (Crypt:3)
  7 hydras
  2 peacekeepers
  A quicksilver dragon skeleton (Pan)
  7 rakshasas
  5 ogre magi
  A spectral fenstrider witch (Tar:1)
  12 ice dragons
  8 salamander tyrants
  4 catoblepae
  A spriggan air mage (Depths:4)
  8 juggernaut simulacra
  9 ironbound frosthearts
  7 spriggan skeletons
  8 centaur warriors
  12 deep troll shamans
  4 jorogumos
  A jorogumo (shapeshifter) (Zig:4)
  7 radroaches
  9 ghost crabs
  5 stokers
  11 caustic shrike simulacra
  11 boulder beetles
  13 alligators
  45 dancing weapons
  11 two-headed ogres
  13 hell beasts (Pan)
  2 death knights
  10 death yaks
  17 deep troll earth magi
  14 death scarabs
  5 tengu warriors
  23 thrashing horrors
  6 orc high priests
  11 vampire magi
  A spectral dire elephant (Tar:5)
  6 spriggan berserkers
  Nergalle (Lair:3)
  57 hell hogs
  19 crystal echidnas
  A storm dragon zombie (Crypt:3)
  32 hell knights
  103 soul eaters
  A storm dragon skeleton (D:15)
  A titan zombie (Tomb:2)
  25 deep elf knights
  38 shadow wraiths
  5 pharaoh ants
  3 titan skeletons (Pan)
  7 wretched stars (Abyss:3)
  54 sixfirhies
  Amaemon (Lair:1)
  154 sun demons
  A death drake (Swamp:3)
  A spatial maelstrom (Abyss:3)
  A fire crab (Gauntlet)
  A skyshark (Lair:2)
  A sun moth (Spider:3)
  19 iron trolls
  58 skeletal warriors
  4 goliath frogs
  2 iron giant zombies
  An anaconda zombie (Crypt:3)
  50 shadow demons
  12 spriggan druids
  2 spectral anacondas (Tar:2)
  12 bog bodies
  A swamp dragon (shapeshifter) (Vaults:5)
  12 orb spiders
  2 spectral hydras
  20 cherubim
  2 orange crystal statues (Zig:4)
  A bunyip zombie (Crypt:2)
  A lindwurm (shapeshifter) (Abyss:3)
  2 anaconda skeletons (Pan)
  A deep troll (shapeshifter) (Vaults:5)
  A naga ritualist (Zig:3)
  8 swamp dragons
  9 glowing orange brains
  A spectral iron dragon (Tar:1)
  2 bunyip skeletons
  15 steelbarb worms
  An orb spider (shapeshifter) (Vaults:5)
  3 quicksilver dragon simulacra
  4 spriggan simulacra
  7 orc knights
  49 deep trolls
  An obsidian statue (Zig:4)
  3 spectral wolf spiders
  22 ironbound convokers
  33 deep elf zephyrmancers
  28 phantasmal warriors
  12 flayed ghosts
  A fenstrider witch simulacrum (Coc:1)
  17 wizards
  An iron dragon zombie (Crypt:1)
  12 lindwurms
  11 deep elf archers
  A spectral ettin (Tar:2)
  12 necromancers
  58 ugly things
  34 deep elf pyromancers
  7 will-o-the-wisps
  5 orc sorcerers
  4 cyclopes
  3 oklob plants (Swamp:4)
  25 wolf spiders
  9 shining eyes
  29 moths of wrath
  A manticore (shapeshifter) (Elf:1)
  2 stone giant zombies
  3 worldbinders (Abyss:3)
  3 manticores
  16 elephants
  2 ice statues
  A draconian skeleton (Pan)
  A frost giant skeleton (Crypt:3)
  2 human skeletons (Vaults:4)
  A naga zombie (Crypt:3)
  8 eyes of devastation
  3 dire elephant zombies
  10 rust devils
  3 spectral centaurs
  129 slime creatures
  2 fire giant skeletons (Geh:5)
  3 stone giant skeletons
  Joseph (D:8)
  4 torpor snails
  8 apocalypse crabs
  2 centaur zombies
  62 demonic crawlers
  An elephant slug zombie (Crypt:1)
  9 vault sentinels
  An alligator snapping turtle zombie (Crypt:3)
  7 black mambas
  A storm dragon simulacrum (Coc:1)
  2 gargoyles
  A water nymph (shapeshifter) (Vaults:5)
  8 cane toads
  4 titan simulacra
  161 smoke demons
  58 orange demons
  An emperor scorpion simulacrum (Coc:1)
  42 hellions
  A torpor snail (shapeshifter) (Zig:4)
  A centaur skeleton (Pan)
  2 rime drakes
  5 spectral redbacks
  12 efreet
  A kobold demonologist (Abyss:3)
  A pale draconian zombie (Crypt:3)
  10 unseen horrors
  2 bunyip simulacra
  A yaktaur (shapeshifter) (Vaults:5)
  12 ice devils
  A red draconian skeleton (Crypt:3)
  2 tengu conjurers (Depths:4)
  3 anaconda simulacra
  2 golden dragon simulacra
  15 freezing wraiths
  35 yaktaurs
  A spectral harpy (Tar:5)
  9 komodo dragons
  37 guardian mummies
  36 tormentors
  2 hydra zombies (Swamp:4)
  10 ancient zymes
  A harpy zombie (Crypt:3)
  4 polar bears
  10 tyrant leeches
  6 meliai
  18 red devils
  6 trolls
  2 wolf spider simulacra (D:12)
  2 bloated husks
  A tengu simulacrum (Coc:1)
  A black draconian skeleton (Crypt:2)
  A silent spectre (Tar:6)
  4 death drake zombies (Swamp:4)
  50 hellwings
  24 hornets
  3 spectral tarantellas (Spider:4)
  40 tarantellas
  A hornet (shapeshifter) (D:15)
  19 raiju (Abyss:3)
  A death drake skeleton (Crypt:3)
  2 spectral jumping spiders (Spider:4)
  3 ettin zombies
  3 harpy skeletons
  A tarantella zombie (Spider:4)
  A great orb of eyes zombie (Crypt:1)
  4 iron dragon simulacra
  2 spectral guardian serpents (Crypt:3)
  A culicivora zombie (Spider:4)
  30 blink frogs
  2 hydra skeletons (Swamp:4)
  2 guardian serpent zombies
  A fire dragon skeleton (Geh:5)
  33 jumping spiders
  Sigmund (D:2)
  146 large abominations
  A black mamba zombie (Hell)
  34 flying skulls
  2 ice dragon skeletons
  2 spectral black mambas (Lair:3)
  26 ushabtiu
  3 jumping spider zombies (Spider:4)
  6 centaur simulacra
  A culicivora (shapeshifter) (D:15)
  2 air elementals
  7 dire elephant simulacra
  2 ettin skeletons
  13 water elementals
  61 yaks
  17 culicivoras
  113 ynoxinuls
  19 wraiths
  5 wyverns
  Eustachio (D:5)
  19 spriggans
  24 golden eyes
  7 basilisks
  A black mamba skeleton (Pan)
  9 fire elementals
  2 fire bats (Gauntlet)
  40 neqoxecs
  An alligator snapping turtle simulacrum (Coc:2)
  8 vampire mosquitoes
  87 chaos spawn
  51 redbacks
  3 steam dragons
  Menkaure (Ossuary)
  11 harpy simulacra
  5 wargs
  14 swamp worms
  5 acid dragons
  Edmund (D:5)
  20 small abominations
  A spatial vortex (Abyss:3)
  A spectral cane toad (Lair:3)
  A naga (Zig:3)
  A deep troll skeleton (Tomb:1)
  An entropy weaver zombie (Crypt:2)
  10 hydra simulacra
  10 water moccasins
  5 swamp drakes
  A glowing shapeshifter skeleton (Vaults:4)
  10 hell hounds
  2 spectral blink frogs (Lair:3)
  Duvessa (D:5)
  34 orc warriors
  5 black bears
  2 swamp dragon zombies (Swamp:4)
  4 ice beasts
  2 swamp dragon skeletons (Swamp:4)
  11 ogres
  8 centaurs
  78 starcursed masses
  16 wolves
  2 phantoms
  A hog skeleton (Crypt:1)
  3 kobold brigands
  3 necrophages
  8 bullfrogs
  A gnoll sergeant (D:13)
  2 elf skeletons
  3 earth elementals (Elf:3)
  2 scorpions
  A wyvern skeleton (Crypt:2)
  2 wights (D:10)
  Dowan (D:5)
  7 killer bees
  An electric eel (Lair:5)
  A shapeshifter skeleton (Crypt:1)
  9 howler monkeys
  2 crimson imps (Abyss:3)
  3 quasits
  5 jellies
  A gnoll bouda (D:8)
  2 hounds
  32 orc priests
  A sleepcap (D:7)
  2 iron imps (Abyss:3)
  6 hell rats (Hell)
  5 iguanas
  24 orc wizards
  A boggart skeleton (Crypt:3)
  A sky beast zombie (Crypt:2)
  4 naga skeletons
  52 mummies
  19 gnolls
  5 adders
  A river rat (shapeshifter) (Vaults:5)
  5 shadow imps
  6 white imps
  3 ufetubi
  3 dart slugs
  96 orcs
  5 bats
  A bat skeleton (Crypt:1)
  6 endoplasms
  A giant cockroach (D:3)
  5 gnoll zombies (Ossuary)
  8 goblins
  8 hobgoblins
  2 jackals (D:1)
  38 kobolds
  4 quokkas
  8 ball pythons
  A dart slug zombie (Crypt:3)
  5 frilled lizards
  4 gnoll skeletons
  6 goblin skeletons (Ossuary)
  A goblin zombie (Ossuary)
  2 hobgoblin skeletons (Ossuary)
  5 hobgoblin zombies (Ossuary)
  A jackal zombie (Crypt:1)
  7 kobold skeletons (Ossuary)
  7 kobold zombies (Ossuary)
  2 orc skeletons (Ossuary)
  4 orc zombies (Ossuary)
  5 rats
  5 rat skeletons (Ossuary)
  3 rat zombies (Ossuary)
  A creeping inferno (Hell)
  7 fire vortices
  2 lurking horrors (Abyss:3)
  16 starspawn tentacles (Abyss:3)
5909 creatures vanquished.

Vanquished Creatures (others)
  3 shard shrikes
  3 caustic shrikes
  A golden dragon (Zot:2)
  A quicksilver dragon (Zot:4)
  2 storm dragons (Depths:2)
  A shadow dragon (Vaults:5)
  Donald (Swamp:2)
  A draconian monk (Zot:4)
  A daeva (Pan)
  A ghost moth (Zot:4)
  2 shard shrike simulacra (Coc:4)
  2 curse skulls
  An angel (Pan)
  A very ugly thing (Depths:1)
  2 elemental wellsprings
  2 putrid mouths (Tar:7)
  An ophan (Pan)
  3 wendigos
  A starcursed mass (Abyss:3)
  A deep elf death mage (Crypt:2)
  3 mummy priests
  3 juggernaut simulacra
  A deep elf high priest (Elf:3)
  4 caustic shrike simulacra (Coc:4)
  A ghost crab (Swamp:4)
  A catoblepas (Lair:5)
  A dancing weapon (D:13)
  2 death yaks (Lair:5)
  A deep troll earth mage (Depths:3)
  2 hell knights (Depths:2)
  2 soul eaters (Pan)
  A deep elf knight (Elf:2)
  A cherub (Pan)
  A skeletal warrior (Tomb:3)
  5 quicksilver dragon simulacra
  A swamp dragon (Swamp:4)
  3 spriggan simulacra
  An ironbound convoker (Vaults:5)
  4 necromancers
  A shining eye (shapeshifter) (Vaults:5)
  An ugly thing (D:14)
  2 titan simulacra (Coc:4)
  A storm dragon simulacrum (Zig:10)
  An anaconda simulacrum (Coc:7)
  5 hellions
  A guardian mummy (Tomb:3)
  A tormentor (Pan)
  A golden dragon simulacrum (Coc:7)
  An iron dragon simulacrum (Coc:4)
  5 blink frogs (Lair:5)
  4 stone giant simulacra
  A centaur simulacrum (Tomb:2)
  3 yaks (Lair:5)
  3 dire elephant simulacra
  2 water elementals
  3 humans
  A basilisk (Lair:1)
  An alligator snapping turtle simulacrum (Coc:1)
  A redback (Spider:1)
  3 neqoxecs
  3 chaos spawn (Pan)
  A warg (Crypt:3)
  4 harpy simulacra
  A hydra simulacrum (Coc:6)
  2 swamp drakes (Swamp:4)
  2 ettin simulacra (Coc:4)
  2 small abominations (Abyss:3)
  A bullfrog (Lair:4)
  A naga simulacrum (Coc:7)
  A wight (D:10)
  An orc priest (D:7)
  An orc wizard (D:7)
  3 mummies
  A white imp (Abyss:3)
  An orc (D:9)
  2 bushes (Lair:5)
  6 creeping infernos
  16 demonic plants
  6 fire vortices
  27 foxfires
  54 fungi
  2 lurking horrors (Abyss:3)
  167 plants
  29 starspawn tentacles (Abyss:3)
  10 withered plants
455 creatures vanquished.

Grand Total: 6364 creatures vanquished

Notes
Turn   | Place    | Note
-------+----------+-------------------------------------------
     0 | D:1      | Darold the Naga Venom Mage began the quest for the Orb.
     0 | D:1      | Reached XP level 1. HP: 15/15 MP: 3/3
    87 | D:1      | Found a faded altar of an unknown god.
   174 | D:1      | Reached XP level 2. HP: 22/22 MP: 0/5
   302 | D:1      | Learned a level 2 spell: Poisonous Vapours
   933 | D:1      | Reached XP level 3. HP: 30/30 MP: 3/6
  1322 | D:2      | Found a runed translucent door.
  1323 | D:2      | Noticed Crazy Yiuf
  1402 | D:2      | Reached skill level 1 in Unarmed Combat
  1709 | D:2      | Noticed Sigmund
  1756 | D:2      | Reached skill level 1 in Fighting
  1756 | D:2      | Reached XP level 4. HP: 34/38 MP: 2/7
  1775 | D:2      | Learned a level 4 spell: Olgreb's Toxic Radiance
  1865 | D:3      | Found an ancient bone altar of Kikubaaqudgha.
  1930 | D:3      | Identified the +0 leather armour "Sour Kut" {Harm}
  2731 | D:4      | Reached XP level 5. HP: 42/44 MP: 2/8
  2999 | D:4      | Found a staircase to the Ecumenical Temple.
  3033 | Temple   | Entered the Ecumenical Temple
  3318 | D:4      | Reached skill level 5 in Stealth
  3318 | D:4      | Reached XP level 6. HP: 52/52 MP: 3/10
  3496 | D:4      | Found Hietsu's Book Boutique.
  3699 | D:2      | Reached skill level 5 in Poison Magic
  3991 | D:2      | Killed Sigmund
  3992 | D:2      | Reached skill level 1 in Air Magic
  3992 | D:2      | Reached XP level 7. HP: 60/60 MP: 3/12
  4062 | D:2      | Learned a level 3 spell: Mephitic Cloud
  4545 | D:5      | Entered Level 5 of the Dungeon
  4764 | D:5      | Found an iron altar of Okawaru.
  4942 | D:5      | Noticed Duvessa
  4942 | D:5      | Noticed Dowan
  5044 | D:6      | Found a white marble altar of Elyvilon.
  5063 | D:6      | Became a worshipper of Elyvilon the Healer
  5087 | D:6      | Found a sand-covered staircase.
  5102 | Ossuary  | Entered an ossuary
  5730 | Ossuary  | Reached XP level 8. HP: 41/69 MP: 13/13
  5880 | Ossuary  | Noticed Menkaure
  5886 | Ossuary  | Killed Menkaure
  5998 | D:6      | Reached * piety under Elyvilon
  6053 | D:6      | Got the Omnibus of Variation
  6069 | D:6      | Reached skill level 1 in Invocations
  6100 | D:5      | Noticed Edmund
  6115 | D:5      | Killed Edmund
  6193 | D:5      | Found a snail-covered altar of Cheibriados.
  6194 | D:5      | Noticed Eustachio
  6229 | D:5      | Killed Eustachio
  6230 | D:5      | Reached skill level 5 in Unarmed Combat
  6401 | D:5      | Identified the +9 whip "Pendulum" {venom, Fly rElec rF-
                  | rCorr}
  6428 | D:5      | Killed Dowan
  6432 | D:5      | Killed Duvessa
  6805 | D:5      | Reached XP level 9. HP: 72/78 MP: 11/15
  6980 | D:5      | Identified a scroll of acquirement
  6981 | D:5      | Acquired 822 gold pieces
  7007 | D:6      | Found a runed translucent door.
  7008 | D:6      | Noticed MrCrawl's ghost (novice DsNe)
  7170 | D:6      | Reached ** piety under Elyvilon
  7411 | D:6      | Identified the ring of Riyjutu {Wiz rCorr Str-5 Int+4}
  7432 | D:6      | Found a sparkling altar of Nemelex Xobeh.
  8216 | D:7      | Found a glowing golden altar of the Shining One.
  8267 | D:7      | Reached skill level 10 in Stealth
  8738 | D:7      | Reached skill level 5 in Spellcasting
  8873 | D:7      | Found an opulent altar of Gozag.
  8873 | D:7      | Found a burning altar of Makhleb.
  8934 | D:8      | Reached skill level 5 in Fighting
  8954 | D:8      | Reached *** piety under Elyvilon
  9078 | D:8      | Reached XP level 10. HP: 52/88 MP: 15/18
  9242 | D:8      | Noticed Joseph
  9268 | D:8      | Killed Joseph
  9999 | D:9      | Found a shadowy altar of Dithmenos.
  9999 | D:9      | Noticed a two-headed ogre
 10012 | D:9      | Killed a two-headed ogre
 10013 | D:9      | Reached skill level 1 in Conjurations
 10013 | D:9      | Reached skill level 5 in Invocations
 10502 | D:10     | Entered Level 10 of the Dungeon
 10657 | D:10     | Reached XP level 11. HP: 66/97 MP: 14/21
 10803 | D:10     | Found a staircase to the Lair.
 11004 | D:10     | Reached **** piety under Elyvilon
 11763 | D:11     | Noticed a cyclops
 11804 | D:11     | Noticed a brown ugly thing
 11903 | D:11     | Noticed Josephine
 11924 | D:10     | Killed a brown ugly thing
 12062 | D:11     | Noticed a boulder beetle
 12075 | D:11     | Killed a boulder beetle
 12076 | D:11     | Reached skill level 10 in Poison Magic
 12082 | D:11     | Killed a cyclops
 12306 | D:11     | Killed Josephine
 13241 | Lair:1   | Entered Level 1 of the Lair of Beasts
 13259 | Lair:1   | Identified the +6 trident of the Thirsty Places {spect, Fly
                  | MP+9}
 13333 | Lair:1   | Reached XP level 12. HP: 82/106 MP: 19/24
 13341 | Lair:1   | Noticed Amaemon
 13602 | Lair:1   | Noticed Gastronok
 13637 | Lair:1   | Killed Gastronok
 14200 | Lair:1   | Found a runed translucent door.
 14200 | Lair:1   | Noticed Termiter's ghost (journeyman DsNe)
 14711 | Lair:2   | Noticed a skyshark
 14728 | Lair:2   | Killed a skyshark
 14747 | Lair:2   | Noticed a death yak
 14747 | Lair:2   | Noticed a death yak
 14769 | Lair:2   | Noticed a death yak
 14770 | Lair:2   | Pacified a death yak
 14770 | Lair:2   | Noticed a death yak
 14772 | Lair:2   | Noticed a death yak
 14772 | Lair:2   | Noticed a death yak
 14780 | Lair:2   | Killed a death yak
 14790 | Lair:2   | Killed a death yak
 14796 | Lair:2   | Killed a death yak
 14974 | Lair:2   | Gained mutation: You can use your snake-like lower body to
                  | constrict enemies. [Naga growth]
 14974 | Lair:2   | Reached XP level 13. HP: 111/117 MP: 25/25
 15149 | Lair:2   | Reached skill level 10 in Unarmed Combat
 15696 | Lair:3   | Noticed Nergalle
 15711 | Lair:3   | Killed Nergalle
 15757 | Lair:3   | Found a gate leading to a gauntlet.
 15758 | Lair:3   | Reached ***** piety under Elyvilon
 15762 | Gauntlet | Entered a Gauntlet
 15762 | Gauntlet | Found a transporter.
 15762 | Gauntlet | Found a transporter.
 15766 | Gauntlet | Found a transporter.
 15766 | Gauntlet | Found a transporter.
 15777 | Gauntlet | Noticed a great orb of eyes
 15779 | Gauntlet | Found a transporter.
 15790 | Gauntlet | Found a transporter.
 15798 | Gauntlet | Found a transporter.
 15798 | Gauntlet | Found a transporter.
 15799 | Gauntlet | Noticed a green death
 15822 | Gauntlet | Found a transporter.
 15829 | Gauntlet | Found a transporter.
 15841 | Gauntlet | Found a transporter.
 15887 | Gauntlet | Found a transporter.
 15896 | Gauntlet | Found a transporter.
 15911 | Gauntlet | Found a transporter.
 16012 | Gauntlet | Found a transporter.
 16020 | Gauntlet | Noticed a balrug
 16026 | Gauntlet | Found a transporter.
 16159 | Gauntlet | Killed a great orb of eyes
 16165 | Gauntlet | Identified the ring of Masiuck {rN+++ rCorr SInv}
 16193 | Gauntlet | Killed a green death
 16200 | Gauntlet | Identified the ring of Birdsong {rCorr Dex+2}
 16224 | Gauntlet | Found the +8 lance "Wyrmbane" {slay drac, rPois rF+ rC+
                  | AC+3}
 16224 | Gauntlet | Identified the ring "Ruom Gao" {Fly rPois Will++ Int+3
                  | Stlth+}
 16224 | Gauntlet | Noticed a minotaur
 16497 | Gauntlet | Identified the +0 robe "Nepnotef" {rPois Will+ Str-2 Dex+3}
 16497 | Gauntlet | Identified the ring of Okawaru's Condemnation {rF+ Str+5}
 16584 | Lair:3   | Identified the +7 trident of the Crawling Thing {flame,
                  | SInv}
 17068 | Lair:3   | Found a hole to the Spider Nest.
 17631 | Lair:4   | Noticed Kirke
 17851 | Lair:3   | Killed Kirke
 18399 | Lair:4   | Reached skill level 5 in Air Magic
 18582 | Lair:4   | Reached XP level 14. HP: 122/129 MP: 27/27
 19362 | Lair:4   | Identified the +5 chain mail of a Labyrinth {Fly rElec}
 19777 | Lair:5   | Entered Level 5 of the Lair of Beasts
 19872 | Lair:5   | Found a runed translucent gate.
 19873 | Lair:5   | Found a runed translucent gate.
 19873 | Lair:5   | Found a runed translucent gate.
 19874 | Lair:5   | Noticed rinqtmith's ghost (journeyman TrFi)
 20091 | Lair:5   | Reached skill level 1 in Armour
 20348 | Lair:5   | Found a viscous altar of Jiyva.
 20349 | Lair:5   | Found a staircase to the Slime Pits.
 20617 | Lair:5   | Reached skill level 10 in Invocations
 20634 | Lair:5   | Reached skill level 10 in Spellcasting
 21009 | Lair:5   | Identified the ring of the Real Monster {rPois rN+ Dex+6}
 21044 | Lair:5   | Identified the +8 quarterstaff of Disaster {vamp, Int+4
                  | Stlth+}
 21727 | Lair:5   | Acquired 1157 gold pieces
 22085 | Lair:5   | Identified the ring of Peace {rF+ rC- Int+4}
 22190 | Lair:4   | Acquired the +4 barding of the Will of the Gods {+Inv rCorr
                  | Str+5 Stlth+}
 22508 | D:12     | Found a runed translucent gate.
 22508 | D:12     | Found a runed translucent gate.
 22508 | D:12     | Found a runed translucent gate.
 22513 | D:12     | Noticed Garym's ghost (journeyman MiFi)
 22562 | D:12     | Reached XP level 15. HP: 138/138 MP: 29/29
 22703 | D:12     | Found a staircase to the Orcish Mines.
 22714 | D:12     | Found Balagyet's Serpentskin Sales.
 22949 | D:13     | Found Fipid's Jewellery Shoppe.
 22954 | D:13     | Bought a +5 ring of evasion for 576 gold pieces
 23120 | D:13     | Reached skill level 10 in Fighting
 23138 | D:13     | Reached ****** piety under Elyvilon
 23429 | D:13     | Found a gate to the Vaults.
 23753 | D:14     | Noticed Louise
 23761 | D:14     | Reached skill level 1 in Evocations
 23771 | D:14     | Killed Louise
 25016 | D:14     | Identified the +5 quarterstaff "Naga's Bane" {venom, rF+
                  | rN+ Will+}
 25695 | D:15     | Entered Level 15 of the Dungeon
 25739 | D:15     | Noticed Rupert
 25759 | D:15     | Killed Rupert
 25996 | D:15     | Found a runed translucent door.
 26018 | D:15     | Found a staircase to the Depths.
 26029 | D:15     | Reached XP level 16. HP: 141/148 MP: 30/30
 26043 | D:15     | Found a runed translucent door.
 26256 | D:15     | Noticed a lich
 26256 | D:15     | Noticed SafestHooves's ghost (journeyman CeMo)
 26588 | Orc:1    | Entered Level 1 of the Orcish Mines
 26797 | Orc:1    | Found Wagg's Antique Weapon Emporium.
 26894 | Orc:1    | Found Gaphanyr's Firing Range.
 27341 | Orc:2    | Entered Level 2 of the Orcish Mines
 27356 | Orc:2    | Found a staircase to the Elven Halls.
 27463 | Orc:2    | Found Isacelid's Magic Scroll Emporium.
 27481 | Orc:2    | Reached skill level 5 in Armour
 27509 | Orc:2    | Found Kaser's Book Shop.
 27509 | Orc:2    | Found Ybrilops's Magic Scroll Shop.
 27509 | Orc:2    | Found Quno's Antique Armour Boutique.
 27521 | Orc:2    | Found Kuhin's Antique Weapon Boutique.
 27541 | Orc:2    | Bought a book of Transfigurations for 720 gold pieces
 27563 | Orc:2    | Reached XP level 17. HP: 157/157 MP: 31/31
 27593 | Orc:2    | Bought a scroll of blinking for 75 gold pieces
 27593 | Orc:2    | Bought a scroll of blinking for 75 gold pieces
 27593 | Orc:2    | Bought a scroll of immolation for 40 gold pieces
 27593 | Orc:2    | Bought a scroll of immolation for 40 gold pieces
 27599 | Orc:2    | Found Gatov's Assorted Antiques.
 27608 | Orc:2    | Bought a twisted cameo amulet for 195 gold pieces
 27608 | Orc:2    | Bought a potion of might for 156 gold pieces
 27608 | Orc:2    | Bought a potion of invisibility for 312 gold pieces
 27608 | Orc:2    | Bought a potion of haste for 390 gold pieces
 27608 | Orc:2    | Bought a potion of heal wounds for 195 gold pieces
 27611 | Orc:2    | Found Ecistroh's Antique Weapon Shoppe.
 27612 | Orc:2    | Found Nuicay's Assorted Antiques.
 27633 | Orc:2    | Bought a scroll of blinking for 187 gold pieces
 27659 | Orc:2    | Found Guitzi's Armour Emporium.
 27678 | Orc:2    | Learned a level 5 spell: Blade Hands
 27996 | Elf:1    | Entered Level 1 of the Elven Halls
 28346 | Elf:1    | Reached skill level 15 in Unarmed Combat
 28457 | Elf:1    | Reached skill level 5 in Transmutations
 29161 | Elf:2    | Noticed Jorgrun
 29174 | Elf:2    | Killed Jorgrun
 29183 | Elf:2    | Reached XP level 18. HP: 151/165 MP: 33/33
 29266 | Elf:2    | Found Ceurgh's Weapon Shop.
 29520 | Elf:2    | Found a runed translucent gate.
 29846 | Elf:2    | Found a runed translucent gate.
 29846 | Elf:2    | Found a runed translucent gate.
 30302 | Elf:2    | Noticed Aizul
 30315 | Elf:2    | Killed Aizul
 30592 | Elf:3    | Entered Level 3 of the Elven Halls
 30656 | Elf:3    | Found a radiant altar of Vehumet.
 30686 | Elf:3    | Reached skill level 15 in Poison Magic
 31205 | Elf:3    | Found a runed translucent gate.
 31205 | Elf:3    | Found a runed translucent gate.
 31206 | Elf:3    | Found a runed translucent gate.
 31208 | Elf:3    | Noticed Xtruder99's ghost (adept GnFi)
 31208 | Elf:3    | Noticed LLlMATKO's ghost (adept MiBe)
 31245 | Elf:3    | Paralysed by an air elemental for 1 turns
 31249 | Elf:3    | Paralysed by an air elemental for 1 turns
 31414 | Elf:3    | Noticed a deep elf blademaster
 31416 | Elf:3    | Noticed a deep elf master archer
 31436 | Elf:3    | Killed a deep elf blademaster
 31443 | Elf:3    | HP: 3/168 [deep elf master archer/arrow (36)]
 31587 | Elf:3    | Reached XP level 19. HP: 143/175 MP: 34/34
 31657 | Elf:3    | Noticed a Tzitzimitl
 31791 | Elf:3    | Acquired 961 gold pieces
 31800 | Elf:3    | Identified the staff of fire "Ofygatz" {rElec rPois rF+
                  | Will+ Str+3}
 31845 | Elf:3    | Noticed a Hell Sentinel
 32035 | Elf:3    | Identified the ring of Zupu Xyu {Contam Int+6 Dex+6 SInv}
 32037 | Elf:3    | Reached skill level 15 in Stealth
 32200 | Elf:3    | Got the Catalogue of the Turtledove
 32201 | Elf:3    | Identified the staff of poison "Wuceq" {rPois Str+2}
 32204 | Elf:3    | Got the Catalogue of Dusty Summoning
 32206 | Elf:3    | Got the Cyclopedia of Grim Frostbite
 32218 | Elf:3    | Got Kinkor's Papyrus of Ouranomancy
 32241 | Elf:3    | Identified the staff of conjuration "Seurch" {+Blink rF+}
 32244 | Elf:3    | Identified the +0 plate armour of Entitlement {Will++
                  | Str+2}
 32263 | Elf:3    | Identified the staff of death "Odiqax" {rPois rN+}
 32634 | Spider:1 | Entered Level 1 of the Spider Nest
 32776 | Spider:1 | Noticed Azrael
 32868 | Spider:1 | Killed Azrael
 33056 | Spider:1 | Noticed Agnes
 33066 | Spider:1 | Killed Agnes
 33255 | Spider:1 | Reached skill level 5 in Dodging
 33344 | Spider:1 | Identified the +6 longbow of Moiskogum {heavy, Fly rElec
                  | Will-}
 34242 | Spider:2 | Identified the +2 quarterstaff "Tinin" {venom, rN+}
 34811 | Spider:2 | Reached XP level 20. HP: 184/186 MP: 36/36
 36306 | Spider:4 | Entered Level 4 of the Spider Nest
 36664 | Spider:4 | Reached skill level 10 in Armour
 37386 | Spider:4 | Identified the +0 pair of gloves of Distant Worlds {Harm
                  | Str+4}
 37393 | Spider:4 | Got a gossamer rune of Zot
 37842 | Orc:2    | Bought a shimmering crystal plate armour for 3145 gold
                  | pieces
 37842 | Orc:2    | Identified the +0 crystal plate armour of Cloud Cover
                  | {rElec rPois Will- Str+2} (You bought it in a shop on level
                  | 2 of the Orcish Mines)
 38091 | Lair:3   | Found a staircase to the Swamp.
 38116 | Swamp:1  | Entered Level 1 of the Swamp
 38198 | Swamp:1  | Reached XP level 21. HP: 128/195 MP: 37/37
 38817 | Swamp:2  | Noticed Donald
 38835 | Swamp:2  | Killed Donald
 39821 | Swamp:3  | Found a runed translucent door.
 39948 | Swamp:3  | Reached skill level 10 in Transmutations
 39961 | Swamp:3  | Identified the +5 halberd "Ukukk" {elec, SInv}
 39963 | Swamp:3  | Identified the +3 halberd "Jir Quso" {venom, rN+ Int+6}
 40322 | Swamp:4  | Entered Level 4 of the Swamp
 40727 | Swamp:4  | Paralysed by a hornet for 3 turns
 40729 | Swamp:4  | Found a blossoming altar of Fedhas.
 40870 | Swamp:4  | Found a basalt altar of Yredelemnul.
 40883 | Swamp:4  | Got a decaying rune of Zot
 41440 | Vaults:1 | Entered Level 1 of the Vaults
 41553 | Vaults:1 | Reached skill level 15 in Invocations
 41862 | Vaults:1 | Reached XP level 22. HP: 194/206 MP: 37/39
 41927 | Vaults:1 | Noticed Asterion
 41938 | Vaults:1 | Killed Asterion
 43046 | Vaults:2 | Noticed Xtahua
 43070 | Vaults:2 | Killed Xtahua
 43184 | Vaults:2 | Found Usinum's Distillery.
 43202 | Vaults:2 | Bought a potion of mutation for 160 gold pieces
 43202 | Vaults:2 | Bought a potion of haste for 200 gold pieces
 43202 | Vaults:2 | Bought a potion of mutation for 160 gold pieces
 43202 | Vaults:2 | Bought a potion of haste for 200 gold pieces
 43411 | Vaults:2 | Noticed an ancient lich
 43422 | Vaults:2 | Killed an ancient lich
 43488 | Vaults:2 | Identified the ring of the Last Riding Places {Str+6 Int+2
                  | Dex+3}
 43593 | Vaults:2 | Found a staircase to the Crypt.
 43637 | Vaults:2 | Noticed Bai Suzhen
 43646 | Vaults:2 | Killed Bai Suzhen
 43912 | Vaults:2 | Acquired 1042 gold pieces
 44423 | Vaults:3 | HP: 10/207 [vault guard/+0 great mace[a vault warden] (16)]
 44423 | Vaults:3 | Elyvilon protects you from harm!
 44424 | Vaults:3 | Elyvilon protects you from harm!
 44811 | Vaults:3 | Noticed Mennas
 44813 | Vaults:3 | Pacified Mennas
 44874 | Vaults:3 | Reached XP level 23. HP: 136/216 MP: 33/40
 45429 | Vaults:3 | You are sucked into a shaft and drop 1 floor!
 45444 | Vaults:4 | Reached skill level 15 in Fighting
 45572 | Vaults:4 | Noticed a golden dragon
 45573 | Vaults:4 | Pacified a golden dragon
 47562 | Depths:1 | Entered Level 1 of the Depths
 48027 | Depths:1 | Found a flickering gateway to a bazaar.
 48028 | Depths:1 | Found a one-way gate to the infinite horrors of the Abyss.
 48036 | Bazaar   | Entered a bazaar
 48064 | Bazaar   | Found Mevimm's Book Shoppe.
 48069 | Bazaar   | Bought an Everburning Encyclopedia for 432 gold pieces
 48082 | Bazaar   | Found Ika Pah's Distillery.
 48087 | Bazaar   | Bought a potion of might for 40 gold pieces
 48087 | Bazaar   | Bought a potion of might for 40 gold pieces
 48087 | Bazaar   | Bought a potion of mutation for 80 gold pieces
 48087 | Bazaar   | Bought a potion of heal wounds for 50 gold pieces
 48098 | Bazaar   | Found Hiqiacos's Magic Scroll Emporium.
 48103 | Bazaar   | Bought a scroll of teleportation for 57 gold pieces
 48103 | Bazaar   | Bought a scroll of teleportation for 57 gold pieces
 48103 | Bazaar   | Bought a scroll of fear for 76 gold pieces
 48103 | Bazaar   | Bought a scroll of teleportation for 57 gold pieces
 48114 | Bazaar   | Found Giphajad's Antique Armour Shoppe.
 48119 | Bazaar   | Bought a diamond-encrusted plate armour for 672 gold pieces
 48119 | Bazaar   | Identified the +5 plate armour "Zimichep" {-Tele rPois
                  | Str+3} (You bought it in a shop in a bazaar)
 48331 | Depths:1 | Found a shimmering altar of Xom.
 48649 | Depths:1 | Learned a level 3 spell: Ignite Poison
 48750 | Depths:1 | Found a burning altar of Makhleb.
 49014 | Depths:1 | Found a gateway to Hell.
 49093 | Depths:1 | Acquired the Lessons on Transmuted Aeromancy
 49104 | Depths:2 | Reached XP level 24. HP: 221/226 MP: 38/41
 49138 | Depths:2 | Noticed Sojobo
 49427 | Depths:2 | Found a one-way gateway to a ziggurat.
 49519 | Depths:2 | Paralysed by an air elemental for 1 turns
 49525 | Depths:2 | Killed Sojobo
 49753 | Depths:2 | Found a one-way gate leading to the halls of Pandemonium.
 49770 | Depths:2 | Reached skill level 15 in Spellcasting
 50381 | Depths:2 | Identified the ring of Salvation {rN+ Will+ rCorr Str-2}
 50540 | Depths:3 | Reached skill level 1 in Fire Magic
 50626 | Depths:3 | Noticed Frederick
 50637 | Depths:3 | Killed Frederick
 51381 | Depths:3 | Found a sacrificial altar of Ru.
 51552 | Depths:3 | Reached XP level 25. HP: 216/236 MP: 42/42
 51658 | Depths:4 | Entered Level 4 of the Depths
 51702 | Depths:4 | Found a gate to the Realm of Zot.
 51917 | Depths:4 | Found a snail-covered altar of Cheibriados.
 52038 | Depths:4 | Found Kishresoe's Book Shoppe.
 52039 | Depths:4 | Found Ymesesh's Jewellery Boutique.
 52041 | Depths:4 | Found Omerch's Book Shoppe.
 52161 | Depths:4 | Found Wopemat's Antique Weapon Shoppe.
 52184 | Depths:4 | Found a blossoming altar of Fedhas.
 52723 | Crypt:1  | Entered Level 1 of the Crypt
 53108 | Crypt:1  | Noticed Vv
 53121 | Crypt:1  | Killed Vv
 54260 | Crypt:3  | Entered Level 3 of the Crypt
 54262 | Crypt:3  | Found a staircase to the Tomb.
 54320 | Crypt:3  | Noticed a dread lich
 54328 | Crypt:3  | Killed a dread lich
 55042 | Crypt:3  | Found a shimmering altar of Xom.
 55058 | Crypt:3  | Reached XP level 26. HP: 174/247 MP: 34/42
 55115 | Crypt:3  | Noticed Saint Roka
 55117 | Crypt:3  | Identified the +11 long sword of Triumph {protect, Fly
                  | rElec Str+3 Stlth+}
 55513 | Crypt:3  | Killed Saint Roka
 55819 | Crypt:3  | Found the +7 great mace "Undeadhunter" {deathbane, rN+}
 55922 | Crypt:3  | Found the ring of the Octopus King
 55929 | Crypt:3  | Identified a ring of the Octopus King {Fly HP+2 AC+2 EV+2
                  | SH+2}
 55940 | Crypt:3  | Identified the +0 leather armour of Unreason {rC+ rN+ Dex-5
                  | Stlth+}
 55941 | Crypt:3  | Identified the +1 robe of Liywk {rPois Int+3}
 56355 | Vaults:5 | Entered Level 5 of the Vaults
 56823 | Vaults:5 | Noticed an ancient lich
 56825 | Vaults:5 | Noticed an ancient lich
 56828 | Vaults:5 | Killed an ancient lich
 56832 | Vaults:5 | Killed an ancient lich
 56850 | Vaults:5 | Identified the ring "Ryovipn" {Drain rElec rF+ Int+3
                  | Stlth+}
 56864 | Vaults:5 | Noticed an ancient lich
 56883 | Vaults:5 | Killed an ancient lich
 57071 | Vaults:5 | Found Omoitt's Assorted Antiques.
 57079 | Vaults:5 | Bought a potion of heal wounds for 155 gold pieces
 57079 | Vaults:5 | Bought a potion of mutation for 248 gold pieces
 57079 | Vaults:5 | Bought a masterwork chain mail for 294 gold pieces
 57079 | Vaults:5 | Identified the +8 chain mail of the Chewing Gods {Stlth+}
                  | (You bought it in a shop on level 5 of the Vaults)
 57349 | Vaults:5 | Identified the +9 sling of Wariness {heavy, Int+4}
 57466 | Vaults:5 | Found Heamoido's Magic Scroll Shop.
 57470 | Vaults:5 | Bought a scroll of teleportation for 72 gold pieces
 57470 | Vaults:5 | Bought a scroll of teleportation for 72 gold pieces
 57518 | Vaults:5 | Reached XP level 27. HP: 210/258 MP: 43/43
 57575 | Vaults:5 | Found Fyg Oxe's Distillery.
 57583 | Vaults:5 | Bought a potion of haste for 150 gold pieces
 57583 | Vaults:5 | Bought 2 potions of haste for 300 gold pieces
 57583 | Vaults:5 | Bought 2 potions of mutation for 240 gold pieces
 57583 | Vaults:5 | Bought a potion of heal wounds for 75 gold pieces
 57593 | Vaults:5 | Found Qonkas's Distillery.
 57600 | Vaults:5 | Bought a potion of haste for 160 gold pieces
 57600 | Vaults:5 | Bought a potion of haste for 160 gold pieces
 57600 | Vaults:5 | Bought a potion of berserk rage for 80 gold pieces
 57600 | Vaults:5 | Bought a potion of might for 64 gold pieces
 57600 | Vaults:5 | Bought a potion of might for 64 gold pieces
 57620 | Vaults:5 | Got a silver rune of Zot
 57704 | Vaults:5 | Found the +3 giant club "Skullcrusher" {speed, Str+7}
 58563 | D:15     | Killed SafestHooves's ghost
 58769 | D:12     | Killed Garym's ghost
 58918 | Elf:3    | Killed Xtruder99's ghost
 58926 | Elf:3    | Killed LLlMATKO's ghost
 59353 | Slime:1  | Entered Level 1 of the Pits of Slime
 60298 | Slime:3  | Gained mutation: Your body sometimes deteriorates upon
                  | taking damage. [a shining eye]
 60775 | Slime:5  | Entered Level 5 of the Pits of Slime
 60816 | Slime:5  | Gained mutation: You are occasionally teleported next to
                  | monsters. [a shining eye]
 60866 | Slime:5  | Lost mutation: Your body sometimes deteriorates upon taking
                  | damage. [potion of mutation]
 60866 | Slime:5  | Lost mutation: You are occasionally teleported next to
                  | monsters. [potion of mutation]
 60866 | Slime:5  | Gained mutation: You are partially covered in iridescent
                  | scales. (AC +2) [potion of mutation]
 60866 | Slime:5  | Gained mutation: You have a pair of small antennae on your
                  | head. [potion of mutation]
 60969 | Slime:3  | Gained mutation: You are agile. (Dex +4, Str/Int -1) [a
                  | shining eye]
 61707 | Slime:5  | Noticed the Royal Jelly
 61945 | Slime:5  | Found a viscous altar of Jiyva.
 61971 | Slime:5  | Killed the Royal Jelly
 62063 | Slime:5  | Identified the +0 chain mail of Fong {Harm rC- Regen+
                  | Str+8}
 62117 | Slime:5  | Got Sif Muna's Volume of Transportation
 62151 | Slime:5  | Identified the staff of earth "Yvaho" {rC+ rN+++ Dex-5}
 62171 | Slime:5  | Identified the staff of death "Paxemau" {rN+ Str+6}
 62173 | Slime:5  | Got a slimy rune of Zot
 62536 | Lair:1   | Killed Termiter's ghost
 62553 | Lair:1   | Killed Amaemon
 62778 | Depths:1 | Voluntarily entered the Abyss.
 63118 | Abyss:3  | Found a corrupted altar of Lugonu.
 63134 | Abyss:3  | Found a corrupted altar of Lugonu.
 63134 | Abyss:3  | Found a corrupted altar of Lugonu.
 63182 | Abyss:3  | Found a corrupted altar of Lugonu.
 63203 | Abyss:3  | Found a corrupted altar of Lugonu.
 63256 | Abyss:3  | Found a glowing golden altar of the Shining One.
 63276 | Abyss:3  | Noticed a juggernaut
 63287 | Abyss:3  | Killed a juggernaut
 63288 | Abyss:3  | Reached skill level 15 in Armour
 63288 | Abyss:3  | Reached skill level 27 in Unarmed Combat
 63300 | Abyss:3  | Got an abyssal rune of Zot
 63667 | Depths:1 | Escaped the Abyss
 63913 | Pan      | Entered Pandemonium
 64471 | Pan      | Gained mutation: You occasionally lose the ability to drink
                  | potions when taking damage. [a neqoxec]
 64644 | Pan      | Noticed Hagameph the pandemonium lord
 64649 | Pan      | Killed Hagameph the pandemonium lord
 64715 | Pan      | Gained mutation: You occasionally lose the ability to read
                  | scrolls when taking damage. [a neqoxec]
 65064 | Pan      | Found a runed translucent door.
 65076 | Pan      | Got a demonic rune of Zot
 65098 | Pan      | Lost mutation: You are partially covered in iridescent
                  | scales. (AC +2) [potion of mutation]
 65098 | Pan      | Lost mutation: You occasionally lose the ability to drink
                  | potions when taking damage. [potion of mutation]
 65098 | Pan      | Lost mutation: You occasionally lose the ability to read
                  | scrolls when taking damage. [potion of mutation]
 65098 | Pan      | Gained mutation: You have a pair of antennae on your head.
                  | [potion of mutation]
 65098 | Pan      | Gained mutation: You are very agile. (Dex +8, Str/Int -2)
                  | [potion of mutation]
 65098 | Pan      | Gained mutation: You are partially covered in iridescent
                  | scales. (AC +2) [potion of mutation]
 65102 | Pan      | Entered the realm of Gloorx Vloq.
 65498 | Pan      | Identified the +0 robe "Rimuh" {+Inv rN+++ Int+3 Slay-4}
 65699 | Pan      | Found an exit through the horrors of the Abyss.
 66032 | Pan      | Noticed Gloorx Vloq
 66053 | Pan      | Killed Gloorx Vloq
 66064 | Pan      | Got a dark rune of Zot
 66806 | Pan      | Gained mutation: You are dopey. (Int -2) [a cacodemon]
 67364 | Pan      | Noticed Lohyrghoy the pandemonium lord
 67370 | Pan      | Killed Lohyrghoy the pandemonium lord
 68160 | Pan      | Noticed Zokiodurph the pandemonium lord
 68178 | Pan      | Killed Zokiodurph the pandemonium lord
 68199 | Abyss:3  | Cast into level 3 of the Abyss (reaper)
 68267 | Pan      | Escaped the Abyss
 68322 | Pan      | Reached skill level 15 in Transmutations
 69882 | Pan      | Noticed Bosoir the pandemonium lord
 69887 | Pan      | Killed Bosoir the pandemonium lord
 70416 | Pan      | Noticed Dietechige the pandemonium lord
 70671 | Pan      | Found a runed translucent door.
 70745 | Pan      | Killed Dietechige the pandemonium lord
 71618 | Pan      | Found a transporter.
 71640 | Pan      | Identified the +1 ring mail "Remya" {Drain *Slow rC+++
                  | Slay+4}
 71668 | Pan      | Found a transporter.
 72164 | Pan      | Identified the ring "Tomed" {Ice Str+4}
 72187 | Pan      | Identified the +3 cloak of the Hurling Gods {rPois rN+++
                  | Regen+ Slay-6}
 72720 | Pan      | Identified the +2 robe of Xiasy {Drain rElec Str+9}
 72852 | Pan      | Noticed Ledamm the pandemonium lord
 72856 | Pan      | Killed Ledamm the pandemonium lord
 73266 | Pan      | Entered the realm of Lom Lobon.
 73469 | Pan      | Found an exit through the horrors of the Abyss.
 73919 | Pan      | Noticed Lom Lobon
 73933 | Pan      | Killed Lom Lobon
 73977 | Pan      | Got a magical rune of Zot
 74714 | Pan      | Found an exit through the horrors of the Abyss.
 74789 | Pan      | Noticed Derinn the pandemonium lord
 74802 | Pan      | Killed Derinn the pandemonium lord
 75493 | Pan      | Entered the realm of Cerebov.
 75493 | Pan      | Found the +6 sword of Cerebov {flame}
 75493 | Pan      | Noticed Cerebov
 75495 | Pan      | Got a fiery rune of Zot
 75531 | Pan      | Killed Cerebov
 75611 | Pan      | Identified the +0 great sword "Gogulan" {venom, Will+}
 75637 | Pan      | Got the Tome of the Syncline and Evil Liturgies
 75730 | Pan      | Identified the staff of earth "Nivygg" {Stlth+}
 75811 | Pan      | Identified the staff of death "Xihimuba" {+Blink rN+}
 75872 | Pan      | Got the Treatise on the Bane and Misfortune
 76346 | Pan      | Identified the ring of Nesil {rPois rC+ SInv}
 76677 | Pan      | Identified the staff of poison "Garareum" {+Blink rPois
                  | rC++ rN+ Int-2}
 77046 | Pan      | Identified the +11 great sword "Uguromy" {freeze, *Rage rN+
                  | Will+ Dex+2}
 77229 | Pan      | Noticed Fitomiph the pandemonium lord
 77238 | Pan      | Killed Fitomiph the pandemonium lord
 77491 | Pan      | Found an exit through the horrors of the Abyss.
 78096 | Pan      | Found an exit through the horrors of the Abyss.
 78264 | Pan      | Noticed Adauhuw the pandemonium lord
 78287 | Pan      | Killed Adauhuw the pandemonium lord
 78636 | Pan      | Gained mutation: Your spells are a little easier to cast,
                  | but a little less powerful. [a neqoxec]
 78912 | Pan      | Entered the realm of Mnoleg.
 78941 | Pan      | Gained mutation: You occasionally shout uncontrollably at
                  | your foes. [a cacodemon]
 79116 | Pan      | Noticed Mnoleg
 79129 | Pan      | Killed Mnoleg
 79221 | Pan      | Got a glowing rune of Zot
 79295 | Pan      | Gained mutation: You are weak. (Str -2) [a neqoxec]
 79341 | Pan      | Gained mutation: You sometimes lose your temper in combat.
                  | [a cacodemon]
 79359 | Pan      | Gained mutation: You are occasionally teleported next to
                  | monsters. [a cacodemon]
 79390 | Pan      | Lost mutation: You are occasionally teleported next to
                  | monsters. [potion of mutation]
 79390 | Pan      | Lost mutation: Your spells are a little easier to cast, but
                  | a little less powerful. [potion of mutation]
 79390 | Pan      | Gained mutation: You can exhale a cloud of poison. [potion
                  | of mutation]
 79390 | Pan      | Lost mutation: You are very agile. (Dex +8, Str/Int -2)
                  | [potion of mutation]
 79390 | Pan      | Gained mutation: You have an increased reservoir of magic.
                  | (+10% MP) [potion of mutation]
 79391 | Pan      | Lost mutation: You are partially covered in iridescent
                  | scales. (AC +2) [potion of mutation]
 79391 | Pan      | Lost mutation: You can exhale a cloud of poison. [potion of
                  | mutation]
 79391 | Pan      | Gained mutation: You can exhale a cloud of poison. [potion
                  | of mutation]
 79391 | Pan      | Lost mutation: You can exhale a cloud of poison. [potion of
                  | mutation]
 79558 | Pan      | Found an exit through the horrors of the Abyss.
 80064 | Pan      | Noticed Qimalui the pandemonium lord
 80075 | Pan      | Killed Qimalui the pandemonium lord
 80385 | Pan      | Gained mutation: You expend magic power (3 MP) to
                  | strengthen your wands. [a neqoxec]
 80386 | Pan      | Gained mutation: You are very dopey. (Int -4) [a neqoxec]
 80391 | Pan      | Gained mutation: You frequently scream uncontrollably at
                  | your foes. [a neqoxec]
 80450 | Pan      | Noticed Cekkel the pandemonium lord
 80457 | Pan      | Killed Cekkel the pandemonium lord
 80855 | Pan      | Noticed Cosotua the pandemonium lord
 80859 | Pan      | Killed Cosotua the pandemonium lord
 81103 | Pan      | Found an exit through the horrors of the Abyss.
 81104 | Pan      | Noticed Zycwosch the pandemonium lord
 81115 | Pan      | Killed Zycwosch the pandemonium lord
 81119 | Pan      | Lost mutation: You sometimes lose your temper in combat. [a
                  | neqoxec]
 81142 | Pan      | Identified the staff of cold "Zivaone" {*Slow +Blink rElec
                  | rPois rC+}
 81157 | Pan      | Noticed Tioji the pandemonium lord
 81758 | Pan      | Found an exit through the horrors of the Abyss.
 82002 | Pan      | Killed Tioji the pandemonium lord
 82300 | Pan      | Noticed Deps the pandemonium lord
 82311 | Pan      | Killed Deps the pandemonium lord
 82806 | Pan      | Gained mutation: You are vulnerable to cold. (rC-) [a
                  | cacodemon]
 83012 | Pan      | Reached skill level 10 in Dodging
 83214 | Pan      | Lost mutation: You have a pair of antennae on your head.
                  | [potion of mutation]
 83214 | Pan      | Lost mutation: You are agile. (Dex +4, Str/Int -1) [potion
                  | of mutation]
 83214 | Pan      | Lost mutation: You have a pair of small antennae on your
                  | head. [potion of mutation]
 83214 | Pan      | Gained mutation: You have hidden genetic potential. [potion
                  | of mutation]
 83215 | Pan      | Lost mutation: You are vulnerable to cold. (rC-) [potion of
                  | mutation]
 83215 | Pan      | Lost mutation: You expend magic power (3 MP) to strengthen
                  | your wands. [potion of mutation]
 83215 | Pan      | Lost mutation: You frequently scream uncontrollably at your
                  | foes. [potion of mutation]
 83215 | Pan      | Lost mutation: You are very dopey. (Int -4) [potion of
                  | mutation]
 83258 | Pan      | Gained mutation: Your spells are a little easier to cast,
                  | but a little less powerful. [a neqoxec]
 83340 | Pan      | Found an exit through the horrors of the Abyss.
 83498 | Pan      | Identified the +0 ring mail of the Shouting Gods {Will+
                  | Dex+5}
 83558 | Pan      | Identified the +7 hand axe of Causality {elec, Will+}
 84268 | Pan      | Noticed Ajuclous the pandemonium lord
 84283 | Pan      | Killed Ajuclous the pandemonium lord
 84430 | Pan      | Gained mutation: You are occasionally teleported next to
                  | monsters. [a neqoxec]
 84434 | Pan      | Noticed Geaseiro the pandemonium lord
 84451 | Pan      | Killed Geaseiro the pandemonium lord
 84472 | Pan      | Found an exit through the horrors of the Abyss.
 84566 | Pan      | Gained mutation: You are vulnerable to heat. (rF-) [a
                  | neqoxec]
 84566 | Pan      | Gained mutation: You frequently scream uncontrollably at
                  | your foes. [a neqoxec]
 84685 | Pan      | Gained mutation: You are frail. (-10% HP) [a cacodemon]
 84823 | Pan      | Lost mutation: You have an increased reservoir of magic.
                  | (+10% MP) [potion of mutation]
 84823 | Pan      | Lost mutation: You are weak. (Str -2) [potion of mutation]
 84824 | Pan      | Lost mutation: You have hidden genetic potential. [potion
                  | of mutation]
 84824 | Pan      | Lost mutation: You are frail. (-10% HP) [potion of
                  | mutation]
 84824 | Pan      | Lost mutation: You are dopey. (Int -2) [potion of mutation]
 84824 | Pan      | Gained mutation: You are agile. (Dex +4, Str/Int -1)
                  | [potion of mutation]
 84824 | Pan      | Gained mutation: You occasionally lose the ability to drink
                  | potions when taking damage. [potion of mutation]
 84824 | Pan      | Gained mutation: Your mind is acute. (Int +4, Str/Dex -1)
                  | [potion of mutation]
 84825 | Pan      | Lost mutation: You occasionally lose the ability to drink
                  | potions when taking damage. [potion of mutation]
 84825 | Pan      | Lost mutation: You are agile. (Dex +4, Str/Int -1) [potion
                  | of mutation]
 84825 | Pan      | Gained mutation: You are agile. (Dex +4, Str/Int -1)
                  | [potion of mutation]
 84826 | Pan      | Lost mutation: You are occasionally teleported next to
                  | monsters. [potion of mutation]
 84826 | Pan      | Lost mutation: Your mind is acute. (Int +4, Str/Dex -1)
                  | [potion of mutation]
 84826 | Pan      | Lost mutation: You are agile. (Dex +4, Str/Int -1) [potion
                  | of mutation]
 84826 | Pan      | Gained mutation: You have a beak for a mouth. [potion of
                  | mutation]
 84826 | Pan      | Gained mutation: You are partially covered in iridescent
                  | scales. (AC +2) [potion of mutation]
 84827 | Pan      | Lost mutation: You are partially covered in iridescent
                  | scales. (AC +2) [potion of mutation]
 84827 | Pan      | Lost mutation: You are vulnerable to heat. (rF-) [potion of
                  | mutation]
 84827 | Pan      | Gained mutation: You are strong-willed. (Will+) [potion of
                  | mutation]
 84827 | Pan      | Gained mutation: You are agile. (Dex +4, Str/Int -1)
                  | [potion of mutation]
 85161 | Pan      | Noticed Puor the pandemonium lord
 85186 | Pan      | Killed Puor the pandemonium lord
 85340 | Pan      | Found an exit through the horrors of the Abyss.
 85616 | Pan      | Noticed Qitteo the pandemonium lord
 85620 | Pan      | Gained mutation: You are weak. (Str -2) [a cacodemon]
 85654 | Abyss:3  | Cast into level 3 of the Abyss (+0 demon trident of
                  | distortion)
 85675 | Pan      | Escaped the Abyss
 85682 | Pan      | Killed Qitteo the pandemonium lord
 86560 | Pan      | Found an exit through the horrors of the Abyss.
 86602 | Pan      | Noticed Qegyamm the pandemonium lord
 86614 | Pan      | Killed Qegyamm the pandemonium lord
 86683 | Pan      | Found a runed translucent door.
 86706 | Pan      | Found a runed translucent door.
 86717 | Pan      | Found a runed translucent door.
 86722 | Pan      | Found a runed translucent door.
 86742 | Pan      | Noticed Modejih the pandemonium lord
 86746 | Pan      | Killed Modejih the pandemonium lord
 86814 | Pan      | Identified the +0 scale mail of the Everdark {-Tele Regen+
                  | rCorr Slay+5}
 86886 | Pan      | Noticed Tipp the pandemonium lord
 86896 | Pan      | Killed Tipp the pandemonium lord
 86988 | Pan      | Found an exit through the horrors of the Abyss.
 87262 | Pan      | Found a glowing silver altar of Zin.
 87453 | Pan      | Identified the +4 falchion "Gosch" {spect, rF+ Will+ Str+5}
 87527 | Pan      | Identified the +2 buckler of the Orange {rN+ Will- Stlth+}
 87672 | Pan      | Noticed a seraph
 87675 | Pan      | Found a glowing golden altar of the Shining One.
 87676 | Pan      | Pacified a seraph
 87677 | Pan      | Identified the +1 scale mail of Conscience {rF- Will+ Dex+3
                  | SInv}
 87677 | Pan      | Identified the amulet of Noon {Will++ Regen+ MP-9 Int+6}
 87704 | Pan      | Identified the +7 scimitar "Spiderslayer" {flame, Drain Fly
                  | rF+}
 87707 | Pan      | Identified the +4 morningstar "Turytz" {flame, rC+ Int+2
                  | Dex+2}
 87710 | Pan      | Identified the staff of death "Fefeowil" {*Slow +Blink rN+
                  | rCorr}
 87762 | Pan      | Identified the +5 dagger "Grim" {freeze, Str+6}
 88286 | Pan      | Found a white marble altar of Elyvilon.
 88889 | Depths:2 | Escaped Pandemonium
 88929 | Hell     | Entered the Vestibule of Hell
 88929 | Hell     | Noticed Geryon
 88929 | Hell     | Found a gateway to the Iron City of Dis.
 89149 | Hell     | Found a gateway to the ashen valley of Gehenna.
 89263 | Hell     | Killed Geryon
 89268 | Hell     | Found a gateway to the decaying netherworld of Tartarus.
 89318 | Hell     | Found a gateway to the freezing wastes of Cocytus.
 89500 | Geh:1    | Entered Level 1 of Gehenna
 89856 | Geh:2    | Noticed a dread lich
 89867 | Geh:2    | Killed a dread lich
 90611 | Geh:5    | Noticed a dread lich
 90620 | Geh:5    | Killed a dread lich
 91190 | Geh:7    | Entered Level 7 of Gehenna
 91485 | Geh:7    | Noticed the Serpent of Hell
 91496 | Geh:7    | Killed the Serpent of Hell
 92046 | Geh:7    | Found the +13 sceptre of Asmodeus
 92046 | Geh:7    | Noticed Asmodeus
 92062 | Geh:7    | Killed Asmodeus
 92090 | Geh:7    | Identified the +0 short sword of Licat {flame, rPois rN+}
 92151 | Geh:7    | Got an obsidian rune of Zot
 92496 | Dis:1    | Entered Level 1 of the Iron City of Dis
 93647 | Dis:4    | Found a huge runed gate.
 93647 | Dis:4    | Found a huge runed gate.
 93647 | Dis:4    | Found a huge runed gate.
 93647 | Dis:4    | Found a huge runed gate.
 93647 | Dis:4    | Found a huge runed gate.
 93647 | Dis:4    | Found a huge runed gate.
 93647 | Dis:4    | Found a huge runed gate.
 93647 | Dis:4    | Found a huge runed gate.
 93647 | Dis:4    | Found a huge runed gate.
 93647 | Dis:4    | Found a huge runed gate.
 93670 | Dis:4    | Found a huge runed gate.
 93672 | Dis:4    | Found a huge runed gate.
 93677 | Dis:4    | Found a huge runed gate.
 93678 | Dis:4    | Found a huge runed gate.
 93679 | Dis:4    | Found a huge runed gate.
 93680 | Dis:4    | Found a huge runed gate.
 93681 | Dis:4    | Found a huge runed gate.
 93682 | Dis:4    | Found a huge runed gate.
 93685 | Dis:4    | Found a huge runed gate.
 93701 | Dis:4    | Found a huge runed gate.
 93701 | Dis:4    | Found a huge runed gate.
 93701 | Dis:4    | Found a huge runed gate.
 93701 | Dis:4    | Found a huge runed gate.
 93701 | Dis:4    | Found a huge runed gate.
 93701 | Dis:4    | Found a huge runed gate.
 93702 | Dis:4    | Found a huge runed gate.
 93703 | Dis:4    | Found a huge runed gate.
 93704 | Dis:4    | Found a huge runed gate.
 93728 | Dis:4    | Found a huge runed gate.
 93728 | Dis:4    | Found a huge runed gate.
 93728 | Dis:4    | Found a huge runed gate.
 93728 | Dis:4    | Found a huge runed gate.
 93728 | Dis:4    | Found a huge runed gate.
 93728 | Dis:4    | Found a huge runed gate.
 93733 | Dis:4    | Found a huge runed gate.
 93734 | Dis:4    | Found a huge runed gate.
 94401 | Dis:6    | Noticed an ancient lich
 94418 | Hell     | HP: 14/292 [acid (4)]
 94742 | Dis:6    | Killed an ancient lich
 94945 | Dis:7    | Entered Level 7 of the Iron City of Dis
 95381 | Dis:7    | Noticed a juggernaut
 95392 | Dis:7    | Killed a juggernaut
 95418 | Dis:7    | Identified the +1 pair of gloves "Tiata" {Dex+2}
 95424 | Dis:7    | Got the Encyclopedia of Blasts and the Compass
 96628 | Dis:7    | Noticed a juggernaut
 96642 | Dis:7    | Killed a juggernaut
 96648 | Dis:7    | Identified the +10 battleaxe of Distraction {pain, rElec
                  | rN+ Str-4}
 96648 | Dis:7    | Noticed Dispater
 96673 | Dis:7    | Killed Dispater
 96733 | Dis:7    | Found the orb of Dispater {+Damnation *Corrode AC+5}
 96738 | Dis:7    | Identified the staff of poison "Gyehao" {rPois Int+6}
 96757 | Dis:7    | Got an iron rune of Zot
 96774 | Dis:7    | Identified the ring "Ureukk" {Fly Str-5 Int+2 SInv}
 96958 | Tar:1    | Entered Level 1 of Tartarus
 98029 | Tar:4    | Noticed an ancient lich
 98070 | Tar:4    | Killed an ancient lich
 99255 | Tar:7    | Entered Level 7 of Tartarus
 99285 | Tar:7    | Reached skill level 27 in Invocations
100094 | Tar:7    | Found the +3 greatsling "Punk" {acid, rCorr}
100292 | Tar:7    | Identified the ring "Beclolexzi" {rN+++ MP+9 Str-5}
100861 | Tar:7    | Noticed Ereshkigal
100884 | Tar:7    | Killed Ereshkigal
100989 | Tar:7    | Identified the staff of poison "Agaytoel" {rElec rPois
                  | SInv}
101360 | Tar:7    | Got a bone rune of Zot
102205 | Tar:7    | Identified the ring of Coamairr {Wiz rCorr Dex+3}
102710 | Tar:7    | Reached skill level 27 in Fighting
102768 | Tar:7    | Identified the staff of conjuration "Wiziadefew" {rElec
                  | Dex+6}
102773 | Tar:7    | Identified the +1 short sword of Apnoeshre {freeze, Drain
                  | rN+ Will+ Int+4}
102779 | Tar:7    | Identified the ring of the Gnashing Gods {Fire rElec Int-2
                  | Dex+3}
102796 | Tar:7    | Identified the staff of earth "Padaiq" {Will+ Int-4 Dex+8}
102827 | Tar:7    | Found the +9 sword of Zonguldrok {reap}
102948 | Pan      | Entered Pandemonium
103025 | Pan      | Noticed Tegyolas the pandemonium lord
103036 | Pan      | Killed Tegyolas the pandemonium lord
103328 | Pan      | Identified the +8 dagger of Waimyjy {flame, Int+3}
103610 | Pan      | Identified the +7 spear of the Moon {speed, *Rage rElec
                  | Int+5}
103675 | Pan      | Found an exit through the horrors of the Abyss.
104052 | Pan      | Noticed Duol the pandemonium lord
104068 | Pan      | Killed Duol the pandemonium lord
104076 | Pan      | Gained mutation: You are vulnerable to heat. (rF-) [a
                  | cacodemon]
104383 | Pan      | Found an exit through the horrors of the Abyss.
104432 | Pan      | Identified the +4 flail "Gippath" {freeze, rPois Int+2
                  | Dex-3}
105085 | Pan      | Lost mutation: You have a beak for a mouth. [potion of
                  | mutation]
105085 | Pan      | Lost mutation: You are vulnerable to heat. (rF-) [potion of
                  | mutation]
105085 | Pan      | Lost mutation: You are agile. (Dex +4, Str/Int -1) [potion
                  | of mutation]
105085 | Pan      | Gained mutation: You are robust. (+10% HP) [potion of
                  | mutation]
105085 | Pan      | Gained mutation: You are somewhat resistant to further
                  | mutation. [potion of mutation]
105235 | Pan      | Reached skill level 27 in Spellcasting
105316 | Pan      | Noticed Roor the pandemonium lord
105323 | Pan      | Killed Roor the pandemonium lord
105443 | Pan      | Found an exit through the horrors of the Abyss.
106277 | Pan      | Found an exit through the horrors of the Abyss.
106354 | Pan      | Noticed Rakhif the pandemonium lord
106376 | Pan      | Killed Rakhif the pandemonium lord
106821 | Pan      | Took an exit into the Abyss.
106821 | Abyss:3  | Escaped into the Abyss
106844 | Depths:2 | Escaped the Abyss
106888 | Zig:1    | Entered Level 1 of a ziggurat
106899 | Zig:2    | Entered Level 2 of a ziggurat
106899 | Zig:2    | Found the ring of the Mage {Wiz Archmagi}
106928 | Zig:3    | Entered Level 3 of a ziggurat
106953 | Zig:4    | Entered Level 4 of a ziggurat
106953 | Zig:4    | Noticed a dread lich
106956 | Zig:4    | Noticed an ancient lich
106967 | Zig:4    | Killed a dread lich
106998 | Zig:4    | Noticed an ancient lich
107175 | Zig:4    | Identified the ring of the Augurer {Fire Dex+5}
107182 | Zig:5    | Entered Level 5 of a ziggurat
107281 | Zig:6    | Entered Level 6 of a ziggurat
107283 | Zig:6    | Noticed a dread lich
107284 | Zig:6    | Noticed a dread lich
107295 | Zig:6    | Killed a dread lich
107296 | Zig:6    | Reached skill level 27 in Transmutations
107297 | Zig:6    | Killed a dread lich
107311 | Zig:6    | Identified the ring of Muhauvat {rF+ Will+ Str+3 Dex+3
                  | Slay+4}
107325 | Zig:7    | Entered Level 7 of a ziggurat
107330 | Zig:7    | Noticed Amon001's ghost (legendary DsFi)
107374 | Zig:7    | Killed Amon001's ghost
107456 | Zig:8    | Entered Level 8 of a ziggurat
107499 | Zig:8    | Identified the +5 hand axe of the Unspeakable One {flame,
                  | rElec rC- rN+ Dex+2}
107507 | Zig:9    | Entered Level 9 of a ziggurat
107516 | Zig:9    | Noticed a juggernaut
107523 | Zig:9    | Killed a juggernaut
107559 | Zig:10   | Entered Level 10 of a ziggurat
107568 | Zig:10   | Paralysed by a wendigo for 1 turns
107571 | Zig:10   | Paralysed by a wendigo for 1 turns
107837 | Coc:1    | Entered Level 1 of Cocytus
107893 | Coc:1    | Reached skill level 15 in Dodging
108128 | Coc:2    | Paralysed by a wendigo for 1 turns
109046 | Coc:4    | Paralysed by a wendigo for 1 turns
109056 | Coc:4    | Paralysed by a wendigo for 1 turns
109287 | Coc:4    | Paralysed by a wendigo for 1 turns
109298 | Coc:4    | Paralysed by a wendigo for 1 turns
109470 | Coc:4    | Paralysed by a wendigo for 1 turns
109475 | Coc:4    | Paralysed by a wendigo for 1 turns
109488 | Coc:4    | Paralysed by a wendigo for 1 turns
110010 | Hell     | Paralysed by a wendigo for 1 turns
110502 | Coc:6    | Noticed an ancient lich
110523 | Coc:6    | Killed an ancient lich
110758 | Coc:6    | Paralysed by a wendigo for 1 turns
111133 | Coc:7    | Entered Level 7 of Cocytus
111136 | Coc:7    | Paralysed by a wendigo for 1 turns
111309 | Coc:7    | Paralysed by a wendigo for 1 turns
111330 | Coc:7    | Paralysed by a wendigo for 1 turns
111681 | Coc:7    | Paralysed by a wendigo for 1 turns
111709 | Coc:7    | Paralysed by a wendigo for 1 turns
112064 | Coc:7    | Paralysed by a wendigo for 1 turns
112070 | Coc:7    | Paralysed by a wendigo for 1 turns
112072 | Coc:7    | Paralysed by a wendigo for 1 turns
112098 | Coc:7    | Paralysed by a wendigo for 1 turns
112106 | Coc:7    | Paralysed by a wendigo for 1 turns
112116 | Coc:7    | Paralysed by a wendigo for 1 turns
112138 | Coc:7    | Paralysed by a wendigo for 1 turns
112604 | Coc:7    | Noticed Antaeus
112614 | Coc:7    | Identified the +2 cloak "Kiahieno" {Will+ Str+3}
112657 | Coc:7    | Acquired 490 gold pieces
112688 | Coc:7    | Identified the staff of earth "Joheimp" {*Slow rF+ Int+6}
112897 | Coc:7    | Killed Antaeus
113046 | Coc:7    | Got an icy rune of Zot
113198 | Coc:7    | Paralysed by a wendigo for 1 turns
113351 | Depths:2 | Voluntarily entered the Abyss.
113360 | Abyss:3  | Found a corrupted altar of Lugonu.
113443 | Abyss:3  | Found a transporter.
113447 | Abyss:3  | Found a corrupted altar of Lugonu.
113452 | Abyss:3  | Found a transporter.
113459 | Abyss:3  | Reached skill level 27 in Armour
113485 | Abyss:3  | Identified the amulet "Xepa" {Spirit +Blink +Inv rElec
                  | Will-}
113496 | Abyss:3  | Found a transporter.
113508 | Abyss:3  | Found a transporter.
113523 | Abyss:3  | Found a transporter.
113742 | Abyss:3  | Found a corrupted altar of Lugonu.
113942 | Abyss:3  | Found a corrupted altar of Lugonu.
114262 | Abyss:3  | Paralysed by accursed screaming for 1 turns
114446 | Abyss:3  | Found an ornate altar of the Wu Jian Council.
114450 | Abyss:3  | Found an ornate altar of the Wu Jian Council.
114520 | Depths:2 | Escaped the Abyss
114588 | Pan      | Entered Pandemonium
114677 | Pan      | Found an exit through the horrors of the Abyss.
114801 | Pan      | Found a runed translucent door.
114808 | Pan      | Paralysed by a Zot trap for 2 turns
114846 | Pan      | Reached skill level 5 in Evocations
114854 | Pan      | Noticed Sueweqeo the pandemonium lord
115132 | Pan      | Killed Sueweqeo the pandemonium lord
115747 | Pan      | Took an exit into the Abyss.
115747 | Abyss:3  | Escaped into the Abyss
115751 | Abyss:3  | Found a corrupted altar of Lugonu.
115880 | Abyss:3  | Found a corrupted altar of Lugonu.
115918 | Abyss:3  | Found a corrupted altar of Lugonu.
115991 | Abyss:3  | Found a corrupted altar of Lugonu.
115995 | Depths:2 | Escaped the Abyss
116228 | Tomb:1   | Entered Level 1 of the Tomb of the Ancients
116950 | Tomb:1   | Noticed a royal mummy
116984 | Tomb:1   | Killed a royal mummy
117314 | Tomb:2   | Noticed a royal mummy
117314 | Tomb:2   | Noticed a royal mummy
117314 | Tomb:2   | Noticed a royal mummy
117366 | Tomb:2   | Noticed a royal mummy
117378 | Tomb:2   | Killed a royal mummy
117661 | Tomb:2   | Killed a royal mummy
117667 | Tomb:2   | Killed a royal mummy
117675 | Tomb:2   | Noticed a royal mummy
117690 | Tomb:2   | Killed a royal mummy
117700 | Tomb:2   | Killed a royal mummy
117878 | Tomb:2   | Reached skill level 5 in Fire Magic
117887 | Tomb:2   | Gained mutation: Your spells are easier to cast, but less
                  | powerful. [mutagenic glow]
117905 | Tomb:2   | Gained mutation: Your magical capacity is low. (-10% MP)
                  | [mutagenic glow]
118085 | Tomb:1   | Noticed a royal mummy
118085 | Tomb:1   | Noticed a royal mummy
118087 | Tomb:1   | Noticed a royal mummy
118089 | Tomb:1   | Noticed a royal mummy
118091 | Tomb:1   | Killed a royal mummy
118093 | Tomb:1   | Noticed a royal mummy
118095 | Tomb:1   | Killed a royal mummy
118101 | Tomb:1   | Killed a royal mummy
118105 | Tomb:1   | Noticed a royal mummy
118107 | Tomb:1   | Killed a royal mummy
118110 | Tomb:1   | Killed a royal mummy
118115 | Tomb:1   | Killed a royal mummy
118316 | Tomb:1   | Noticed a royal mummy
118327 | Tomb:1   | Killed a royal mummy
118335 | Tomb:1   | Noticed a royal mummy
118341 | Tomb:1   | Killed a royal mummy
118483 | Tomb:1   | Noticed a royal mummy
118487 | Tomb:1   | Noticed a royal mummy
118491 | Tomb:1   | Killed a royal mummy
118501 | Tomb:1   | Killed a royal mummy
118581 | Tomb:1   | Noticed a royal mummy
118590 | Tomb:1   | Killed a royal mummy
118725 | Tomb:1   | Noticed a royal mummy
118740 | Tomb:1   | Killed a royal mummy
118830 | Tomb:2   | Lost mutation: Your spells are easier to cast, but less
                  | powerful. [potion of mutation]
118830 | Tomb:2   | Lost mutation: You are robust. (+10% HP) [potion of
                  | mutation]
118831 | Tomb:2   | Lost mutation: Your spells are a little easier to cast, but
                  | a little less powerful. [potion of mutation]
118831 | Tomb:2   | Lost mutation: You are somewhat resistant to further
                  | mutation. [potion of mutation]
118831 | Tomb:2   | Gained mutation: Your body sometimes deteriorates upon
                  | taking damage. [potion of mutation]
118831 | Tomb:2   | Gained mutation: Your mind is acute. (Int +4, Str/Dex -1)
                  | [potion of mutation]
118832 | Tomb:2   | Lost mutation: You are weak. (Str -2) [potion of mutation]
118832 | Tomb:2   | Lost mutation: Your body sometimes deteriorates upon taking
                  | damage. [potion of mutation]
118832 | Tomb:2   | Gained mutation: Your body sometimes deteriorates upon
                  | taking damage. [potion of mutation]
118833 | Tomb:2   | Lost mutation: You are strong-willed. (Will+) [potion of
                  | mutation]
118833 | Tomb:2   | Lost mutation: Your magical capacity is low. (-10% MP)
                  | [potion of mutation]
118833 | Tomb:2   | Lost mutation: Your mind is acute. (Int +4, Str/Dex -1)
                  | [potion of mutation]
118833 | Tomb:2   | Gained mutation: Your magical capacity is low. (-10% MP)
                  | [potion of mutation]
118833 | Tomb:2   | Gained mutation: You are partially covered in iridescent
                  | scales. (AC +2) [potion of mutation]
118834 | Tomb:2   | Lost mutation: You are partially covered in iridescent
                  | scales. (AC +2) [potion of mutation]
118834 | Tomb:2   | Lost mutation: Your body sometimes deteriorates upon taking
                  | damage. [potion of mutation]
118834 | Tomb:2   | Lost mutation: Your magical capacity is low. (-10% MP)
                  | [potion of mutation]
118834 | Tomb:2   | Gained mutation: Your magical capacity is low. (-10% MP)
                  | [potion of mutation]
118834 | Tomb:2   | Gained mutation: You can exhale a cloud of poison. [potion
                  | of mutation]
118835 | Tomb:2   | Lost mutation: Your magical capacity is low. (-10% MP)
                  | [potion of mutation]
118835 | Tomb:2   | Lost mutation: You can exhale a cloud of poison. [potion of
                  | mutation]
118835 | Tomb:2   | Gained mutation: Your mind is acute. (Int +4, Str/Dex -1)
                  | [potion of mutation]
118835 | Tomb:2   | Gained mutation: You possess an exceptional clarity of
                  | mind. [potion of mutation]
118835 | Tomb:2   | Gained mutation: You expend magic power (3 MP) to
                  | strengthen your wands. [potion of mutation]
118854 | Tomb:3   | Entered Level 3 of the Tomb of the Ancients
118856 | Tomb:3   | Acquired a manual of Evocations
118896 | Tomb:3   | Noticed a royal mummy
118917 | Tomb:3   | Noticed a royal mummy
118927 | Tomb:3   | Killed a royal mummy
119076 | Tomb:3   | Noticed Boris
119082 | Tomb:3   | Noticed a royal mummy
119085 | Tomb:3   | Killed Boris
119088 | Tomb:3   | Noticed a royal mummy
119102 | Tomb:3   | Killed a royal mummy
119105 | Tomb:3   | Killed a royal mummy
119117 | Tomb:3   | Killed a royal mummy
119120 | Tomb:3   | Noticed a royal mummy
119121 | Tomb:3   | Noticed a royal mummy
119124 | Tomb:3   | Noticed a royal mummy
119125 | Tomb:3   | Noticed a royal mummy
119127 | Tomb:3   | Noticed a royal mummy
119135 | Tomb:3   | Killed a royal mummy
119219 | Tomb:3   | Killed a royal mummy
119383 | Tomb:3   | Killed a royal mummy
119384 | Tomb:3   | Reached skill level 27 in Stealth
119583 | Tomb:3   | Killed a royal mummy
119613 | Tomb:3   | Got a golden rune of Zot
119653 | Tomb:3   | Killed a royal mummy
119869 | Tomb:3   | Identified the ring "Aprigg" {Str-3 Int+4 Dex+6}
119876 | Tomb:3   | Identified the amulet of Hepliaklqana's Reproof {Acrobat
                  | Int+2 SInv}
119919 | Tomb:3   | Identified the +2 short sword of Hepliaklqana's Grace
                  | {protect, Int+2}
119921 | Tomb:3   | Got the Vellum of the Legion
119932 | Tomb:3   | Identified the +1 robe of the Blacksmith {rElec Stlth+}
119935 | Tomb:3   | Identified the +3 long sword "Synkyrasu" {distort, *Slow
                  | rPois rF++ Dex+3}
120387 | Zot:1    | Entered Level 1 of the Realm of Zot
121496 | Zot:2    | Found the +4 dragonskin cloak
121496 | Zot:2    | Noticed Tiamat
121548 | Zot:2    | Killed Tiamat
122397 | Zot:3    | Identified the ring of Aschaen {rElec rF+ rN+}
122399 | Zot:3    | Identified the ring "Xenkushi" {rElec Will+ Int+3 Dex-5}
122410 | Zot:3    | Identified the +1 scale mail "Ajoral" {Regen+}
122543 | Abyss:3  | Cast into level 3 of the Abyss (green draconian)
122544 | Abyss:3  | Found a blossoming altar of Fedhas.
122594 | Abyss:3  | Found a blossoming altar of Fedhas.
122637 | Abyss:3  | Paralysed by accursed screaming for 2 turns
122642 | Zot:3    | Escaped the Abyss
122791 | Zot:3    | Identified the +3 dagger "Oshrupp" {flame, +Blink Int+8
                  | Dex-2}
123372 | Zot:4    | Noticed an orb of fire
123378 | Zot:4    | Killed an orb of fire
123508 | Zot:4    | Acquired the +13 crystal plate armour of Ajiobb {Will-
                  | Regen+ Stlth+}
124151 | Zot:5    | Entered Level 5 of the Realm of Zot
124233 | Zot:5    | Noticed an orb of fire
124233 | Zot:5    | Noticed an orb of fire
124233 | Zot:5    | Noticed a dread lich
124235 | Zot:5    | Lost mutation: Your mind is acute. (Int +4, Str/Dex -1) [an
                  | orb of fire]
124244 | Zot:5    | Killed an orb of fire
124247 | Zot:5    | Killed a dread lich
124247 | Zot:5    | Gained mutation: You are dopey. (Int -2) [an orb of fire]
124249 | Zot:5    | Gained mutation: You are clumsy. (Dex -2) [an orb of fire]
124535 | Zot:5    | Noticed an ancient lich
124543 | Zot:5    | Killed an ancient lich
124583 | Zot:5    | Noticed an orb of fire
124589 | Zot:5    | Gained mutation: Your body sometimes deteriorates upon
                  | taking damage. [an orb of fire]
124592 | Zot:5    | Gained mutation: Your spells are a little easier to cast,
                  | but a little less powerful. [an orb of fire]
124596 | Zot:5    | Killed an orb of fire
124688 | Zot:5    | Gained mutation: You are partially covered in iridescent
                  | scales. (AC +2) [an orb of fire]
124695 | Zot:5    | Killed an orb of fire
124835 | Zot:5    | Noticed an ancient lich
124841 | Zot:5    | Killed an ancient lich
124868 | Zot:5    | Noticed an ancient lich
124869 | Zot:5    | Noticed an orb of fire
124872 | Zot:5    | Gained mutation: You are frail. (-10% HP) [an orb of fire]
124876 | Zot:5    | Killed an ancient lich
124884 | Zot:5    | Lost mutation: You are dopey. (Int -2) [an orb of fire]
124886 | Zot:5    | Gained mutation: Your magical capacity is low. (-10% MP)
                  | [an orb of fire]
124891 | Zot:5    | Killed an orb of fire
125014 | Zot:5    | Lost mutation: Your spells are a little easier to cast, but
                  | a little less powerful. [potion of mutation]
125014 | Zot:5    | Lost mutation: You are frail. (-10% HP) [potion of
                  | mutation]
125014 | Zot:5    | Lost mutation: You possess an exceptional clarity of mind.
                  | [potion of mutation]
125014 | Zot:5    | Lost mutation: You are clumsy. (Dex -2) [potion of
                  | mutation]
125015 | Zot:5    | Lost mutation: You expend magic power (3 MP) to strengthen
                  | your wands. [potion of mutation]
125015 | Zot:5    | Lost mutation: Your body sometimes deteriorates upon taking
                  | damage. [potion of mutation]
125015 | Zot:5    | Lost mutation: Your magical capacity is low. (-10% MP)
                  | [potion of mutation]
125015 | Zot:5    | Gained mutation: You sometimes lose your temper in combat.
                  | [potion of mutation]
125015 | Zot:5    | Gained mutation: Your muscles are strong. (Str +4, Int/Dex
                  | -1) [potion of mutation]
125015 | Zot:5    | Gained mutation: You are strong-willed. (Will+) [potion of
                  | mutation]
125031 | Zot:5    | Got the Orb of Zot
125457 | D:9      | Noticed Pilioza the pandemonium lord
125468 | D:9      | Killed Pilioza the pandemonium lord
125583 | D:5      | Noticed Vaum the pandemonium lord
125654 | D:1      | Pacified Crazy Yiuf
125656 | D:$      | Escaped with the Orb!

Illustrated notes

Levels and vault maps discovered:
D:1:      co_arrival_square_in_a_square_in_a_square, layout_loops_ring,
          hellmonk_ecumenical_altar_lost_god, minmay_misc_feat_iff
D:2:      layout_loops_corners, serial_bayou_lagoon_a, roderic_st_hans_cross,
          uniq_sigmund, uniq_crazy_yiuf_cottage
D:3:      layout_loops_cross, nicolae_kikubaaqudgha_miasma_corner,
          amcnicky_mini_pool_small
D:4:      layout_basic, minmay_temple_entry_butterflies, serial_shops, shop
D:5:      layout_gridville, mainiacjoe_overflow_cross_hatched,
          general_overflow_altar, kennysheep_nub, uniq_edmund, uniq_eustachio,
          uniq_duvessa
D:6:      kennysheep_kobold_camp, layout_loops_cross, elyvilon_altar_1,
          nemelex_xobeh_ov_fountains_minmay, enter_ossuary_3,
          gammafunk_ghost_grave, minmay_strange_pillars, minivault_10,
          lightli_orcish_oven
D:7:      layout_loops_cross, tso_altar, amethyst_overflow_temple_binary,
          minmay_manual_mares
D:8:      layout_rooms, amcnicky_mini_corridor_feature, uniq_joseph
D:9:      layout_rooms, grunt_dithmenos_smoke_and_mirrors
D:10:     layout_long_grid, david_lair_generic
D:11:     layout_gridville, uniq_josephine
D:12:     layout_roguey, orc_0_dummy, gammafunk_ghost_necromancy,
          guppyfry_shop_venom
D:13:     layout_rooms, erik_vaults_1, serial_shops,
          nicolae_shop_tiny_real_fake_doors
D:14:     nzn_winding_woodlands_small [nzn_winding_woodlands_5x15_pockets,
          nzn_winding_woodlands_center_lodge, nzn_winding_woodlands_5x15_twine],
          layout_layer_cave, minmay_misc_feat_tiny, uniq_louise
D:15:     gammafunk_depths_entry_grave, layout_rooms,
          muffindrake_ghost_dual_entry, uniq_rupert
Temple:   nicolae_temple_figure_eight
Lair:1:   layout_roguey, ebering_ghost_reflecting_pool, uniq_gastronok,
          uniq_amaemon
Lair:2:   layout_chaotic_city
Lair:3:   layout_layer_cave, nicolae_swamp_entry_spooky,
          spider_nest_entry_web_field, gauntlet_entry_generic, uniq_nergalle
Lair:4:   layout_cave_pods, beast_lair_carwin_3, lemuel_fruit_fields,
          serial_bayou_shore_b, uniq_kirke
Lair:5:   evilmike_catoblepas_cave, layout_concentric_octagons, slime_entry_1,
          gammafunk_ghost_split, gammafunk_lair_bear_cave
Swamp:1:  layout_basic_swamp, evilmike_swamp_ruin_house_2
Swamp:2:  layout_falls_marsh, serial_swamp_ruin, hangedman_swamp_ruin_wall,
          evilmike_swamp_ruin_wall, evilmike_swamp_ruin_house_1, uniq_donald
Swamp:3:  gammafunk_mikee_crab_dinner, layout_basic_swamp,
          evilmike_swamp_ruin_house_5
Swamp:4:  byrel_swamp_growth_death_and_undeath, layout_basic_swamp
Spider:1: layout_spider_delve, uniq_azrael, uniq_agnes
Spider:2: nicolae_spider_hilbert_zone_7 [nicolae_spider_hilbert_4_sides_1_open,
          nicolae_spider_hilbert_4_sides_1_open,
          nicolae_spider_hilbert_4_sides_1_open,
          nicolae_spider_hilbert_4_sides_1_open,
          nicolae_spider_hilbert_3_sides_1_open,
          nicolae_spider_hilbert_3_sides_1_open,
          nicolae_spider_hilbert_3_sides_1_open,
          nicolae_spider_hilbert_3_sides_1_open,
          nicolae_spider_hilbert_4_sides_1_open,
          nicolae_spider_hilbert_4_sides_1_open,
          nicolae_spider_hilbert_4_sides_1_open,
          nicolae_spider_hilbert_2_sides_1_open,
          nicolae_spider_hilbert_2_sides_1_open,
          nicolae_spider_hilbert_2_sides_1_open,
          nicolae_spider_hilbert_2_sides_1_open,
          nicolae_spider_hilbert_2_sides_1_open,
          nicolae_spider_hilbert_2_sides_1_open]
Spider:3: layout_spider_delve
Spider:4: floodkiller_spider_rune_tomb
Slime:1:  layout_caves
Slime:2:  layout_caves, cheibrodos_slime_lost_civilization_4
Slime:3:  layout_caves
Slime:4:  cheibrodos_slime_lost_civilization_8, layout_caves
Slime:5
Orc:1:    nicolae_orc_accident_3, layout_caves, serial_shops,
          nicolae_shop_tiny_waterfront, nicolae_shop_firing_range
Orc:2:    st_orc_mages, layout_caves, serial_shops,
          nicolae_shop_tiny_waterfront, nicolae_shop_trees, shop,
          nicolae_shop_advertising_works [nicolae_subvault_shop_adworks],
          nicolae_shop_just_a_little_nook
Elf:1:    layout_rooms, hangedman_elven_crosses_minicolossus
Elf:2:    nicolae_elf_blades_crystal_corner, layout_gridlike, serial_shops,
          shop, uniq_aizul, uniq_jorgrun
Elf:3:    minmay_elf_hall_x, layout_gridlike, gammafunk_ghost_cemetery,
          basic_altar, nicolae_elf_crossing_hall
Vaults:1: nicolae_vaults_diamond_2, st_star, nicolae_vaults_trapezoid_layered,
          nicolae_vaults_sesquioval_fish, ontoclasm_vaults_fault,
          nicolae_vaults_trapezoid_layered, nicolae_vaults_mini_display_case,
          v_misc_31, vaults_room_grunt_arrival_ludios, layout_vaults_big_room,
          uniq_asterion
Vaults:2: ontoclasm_vaults_pinch, hangedman_vaults_unwind,
          grunt_vaults_diagonal, v_misc_14, nicolae_vaults_network_barrier,
          minmay_crypt_entry_nasty_monster,
          nicolae_vaults_offset_grid_hallway_1, hangedman_vaults_stream,
          nicolae_vaults_wrenched, v_misc_23,
          nicolae_vaults_you_can_take_it_with_you, hangedman_vaults_nails,
          nicolae_vaults_doubleplus_tesselated, ontoclasm_vaults_ligature,
          nicolae_vaults_two_Ls, layout_vaults_maze_bifur, serial_shops, shop,
          uniq_bai_suzhen, uniq_xtahua
Vaults:3: vaults_standard_mumra_enter_the_diamond, ontoclasm_vaults_idyll,
          nicolae_vaults_offset_grid_hallway_2, vaults_mumra_lcd,
          nicolae_vaults_little_squares_1, v_misc_9, nicolae_vaults_alarming,
          nicolae_vaults_diamond_1, hangedman_vaults_stretched_pinwheel,
          nicolae_vaults_double_plus_2, vaults_mumra_minichess_inversion,
          nicolae_vaults_double_plus_2, ontoclasm_vaults_chip,
          nicolae_vaults_ninety_degrees, nicolae_vaults_security_offices_5,
          layout_vaults_omnicross, uniq_mennas
Vaults:4: nicolae_vaults_mush_room, nicolae_vaults_tetromino_T_2,
          vaults_room_grid, v_misc_29, nicolae_vaults_diamond_2, v_misc_2,
          serial_ice_g, layout_vaults_omnigrid
Vaults:5: serial_shops
Crypt:1:  layout_misc_corridors, uniq_vv
Crypt:2:  layout_chaotic_city, minmay_misc_feat_pillars
Crypt:3:  church_of_pain_bobbens, layout_chaotic_city,
          nrook_guardian_serpent_ordinary, uniq_saint_roka
Tomb:1
Tomb:2
Tomb:3:   uniq_boris
Depths:1: layout_big_octagon, grunt_hell_entry_dis_old, serial_shops,
          bzr_entry_water, lemuel_coloured_pillars_altar, abyss_entry,
          nicolae_benzene_ring, tgw_xom, infiniplex_staircase_pool_lava,
          serial_bayou_shore_b
Depths:2: grunt_house_of_mirrors, layout_cave_pools, enter_ziggurat_d,
          abyss_entry, pf_coc_iceberg, grunt_pan_entry_spiral,
          hangedman_decor_growths, uniq_sojobo
Depths:3: hangedman_stitches_corridor, layout_cave_pools,
          nicolae_ru_the_path_less_chosen, hell_entry,
          nicolae_abyss_entry_one_way_or_another, hangedman_decor_points,
          uniq_frederick
Depths:4: evilmike_zot_entry_round, layout_small_grid, fedhas_altar_4,
          hell_entry, serial_shops, nicolae_shop_peninsula, chequers_jeans,
          cheibriados_altar_1, minmay_shop_grove
Hell
Dis:1:    layout_gridville
Dis:2:    layout_regular_city
Dis:3:    layout_overlapping_boxes, nicolae_dis_scattering
Dis:4:    layout_jigsaw, not_door_vault_due
Dis:5:    layout_subdivisions
Dis:6:    layout_overlapping_boxes, nicolae_dis_distal_crystal
Dis:7:    dis_st
Geh:1:    layout_gehenna_pools_box
Geh:2:    nicolae_geh_gridlava [nicolae_sub_geh_gridintersect,
          nicolae_sub_geh_gridintersect, nicolae_sub_geh_gridintersect,
          nicolae_sub_geh_gridintersect], layout_gehenna_pools_triple
Geh:3:    layout_gehenna_pools_triple
Geh:4:    layout_gehenna_pools_triple, nicolae_geh_lava_lounge
Geh:5:    layout_gehenna_pools_box, special_room [special_room_morgue]
Geh:6:    layout_gehenna_pools_triple
Geh:7:    geh_mu
Coc:1:    nicolae_coc_icebeans_plural [nicolae_sub_coc_subbean,
          nicolae_sub_coc_subbean, nicolae_sub_coc_subbean,
          nicolae_sub_coc_subbean], layout_cocytus_delve
Coc:2:    layout_cocytus_water_paths
Coc:3:    layout_cocytus_water_paths
Coc:4:    layout_ice_bergs
Coc:5:    nicolae_coc_on_the_berg
Coc:6:    layout_ice_bergs
Coc:7:    coc_grunt_cove [coc_grunt_cove_antaeus, coc_grunt_cove_fiend,
          coc_grunt_cove_fiend, coc_grunt_cove_fiend, coc_grunt_cove_fiend]
Tar:1:    layout_grid_maze, nicolae_tar_cuneiform_not
Tar:2:    layout_grid_maze
Tar:3:    layout_grid_maze
Tar:4:    layout_grid_maze
Tar:5:    nicolae_tar_entranced, layout_cathedral_of_symmetry
Tar:6:    layout_grid_maze
Tar:7:    tar_mu [tar_mu_maze]
Zot:1:    layout_cathedral_of_symmetry
Zot:2:    layout_twisted_circle, uniq_tiamat
Zot:3:    layout_gridville, bh_zot_lava_cross, st_large_dragon_hoard_3
Zot:4:    layout_gridville, grunt_megastairs_2
Zot:5:    layout_gridlike

Skill      XL: |  1  2  3  4  5  6  7  8  9 10 11 12 13 14 15 16 17 18 19 20 21 22 23 24 25 26 27 |
---------------+----------------------------------------------------------------------------------+-----
Unarmed Combat | 1 2 3 5 6 8 9 11 12 14 15 16 17 18 19 21 22 23 24 25 27 | 27.0
Fighting       | 1 2 3 5 6 7 9 10 11 12 13 14 15 16 17 27 | 27.0
Stealth        | 4 5 7 9 10 11 12 13 14 15 16 27 | 27.0
Spellcasting   | 3 4 5 7 8 9 10 11 12 13 14 15 16 27 | 27.0
Transmutations | 2 3 4 5 6 8 9 10 11 12 27 | 27.0
Poison Magic   | 5 6 7 9 10 11 13 14 15 16 17 25 | 25.0
Air Magic      | 1 2 3 4 5 6 7 9 |  9.4
Dodging        | 2 3 4 5 6 23 | 23.1
Invocations    | 2 4 5 6 8 9 10 11 12 13 14 15 16 17 18 27 | 27.0
Conjurations   | 1 2 3 4 |  4.5
Armour         | 2 4 6 7 8 9 10 11 12 13 14 27 | 27.0
Evocations     | 1 6 |  6.1
Fire Magic     | 1 9 |  9.8

Action                     |  1- 3 |  4- 6 |  7- 9 | 10-12 | 13-15 | 16-18 | 19-21 | 22-24 | 25-27 || total
---------------------------+-------+-------+-------+-------+-------+-------+-------+-------+-------++-------
  Melee: Unarmed           |    19 |    27 |   428 |   359 |   691 |   700 |  1071 |   925 |  9195 || 13415
         Punch             |       |       |    15 |    21 |   100 |   110 |   184 |   179 |  2560 ||  3169
         Constrict         |       |       |       |       |   158 |   146 |   229 |   198 |  2036 ||  2767
         Peck              |       |       |       |       |       |       |       |       |  1124 ||  1124
   Cast: Sting             |    29 |    38 |    79 |    35 |     6 |     1 |       |       |       ||   188
         Poisonous Vapours |     6 |    21 |    39 |    46 |    66 |    44 |    72 |    26 |    18 ||   338
         Olgreb's Toxic Ra |       |     1 |    16 |    54 |    63 |    57 |    79 |    64 |    20 ||   354
         Mephitic Cloud    |       |       |    17 |    41 |    40 |    43 |    39 |     5 |     2 ||   187
         Blade Hands       |       |       |       |       |       |       |    83 |   104 |  1057 ||  1244
         Ignite Poison     |       |       |       |       |       |       |       |    22 |    29 ||    51
 Invoke: Purification      |       |       |       |     3 |     1 |       |     3 |       |    15 ||    22
         Heal Other        |       |       |       |     6 |    10 |       |     9 |    13 |   113 ||   151
         Heal Self         |       |       |       |     3 |     2 |     6 |    11 |    14 |    51 ||    87
         Divine Vigour     |       |       |       |       |       |       |     2 |       |    13 ||    15
Ability: Spit Poison       |    25 |    27 |    34 |    14 |     4 |       |       |       |       ||   104
         End Transformatio |       |       |       |       |       |       |     1 |       |       ||     1
  Evoke: Wand              |       |       |     4 |     3 |     2 |     1 |     2 |       |    23 ||    35
    Use: Scroll            |       |     5 |    12 |    11 |    15 |     5 |     8 |    13 |    88 ||   157
         Potion            |       |     1 |     6 |     9 |     2 |     8 |     2 |     4 |    95 ||   127
   Stab: Sleeping          |       |       |     6 |     1 |    10 |     6 |     3 |     3 |    27 ||    56
         Confused          |       |       |     4 |    19 |    15 |    14 |    22 |     1 |     1 ||    76
         Distracted        |       |       |     1 |       |     1 |       |     1 |       |    50 ||    53
         Paralysed         |       |       |       |     2 |       |       |       |       |       ||     2
         Invisible         |       |       |       |       |       |     2 |       |       |    15 ||    17
         Fleeing           |       |       |       |       |       |       |       |       |     1 ||     1
 Armour: Robe              |     4 |    15 |   209 |    16 |       |       |       |       |       ||   244
         Skin              |       |       |     4 |    14 |       |       |       |       |       ||    18
         Steam dragon scal |       |       |       |   132 |   108 |       |       |       |       ||   240
         Chain mail        |       |       |       |       |   309 |   408 |  1039 |   714 |    56 ||  2526
         Storm dragon scal |       |       |       |       |       |       |       |       |  7937 ||  7937
         Crystal plate arm |       |       |       |       |       |       |       |       |   349 ||   349
  Dodge: Dodged            |     5 |    28 |   249 |   170 |   282 |   243 |   695 |   266 |  4501 ||  6439
